 Dungeon Crawl Stone Soup version 0.23-a0-584-g44dd78f (webtiles) character file.

1368864 galech the Conqueror (level 27, -9/373 HPs)
             Began as a Demonspawn Fighter on Dec 14, 2018.
             Was the Champion of Okawaru.
             Killed by a guardian mummy's death curse (17 damage)
             ... on level 15 of a ziggurat on Dec 17, 2018.
             The game lasted 04:25:01 (99372 turns).

galech the Conqueror (Demonspawn Fighter)          Turns: 99372, Time: 04:25:02

Health: -9/373     AC: 43    Str: 44    XL:     27
Magic:  0/47       EV: 41    Int:  1    God:    Okawaru [******]
Gold:   15437      SH: 42    Dex: 29    Spells: 29/29 levels left

rFire    + . .     SeeInvis .   Q - +8 broad axe "Giocyahea" {venom, rPois MP+9 Str+9 Int-2}
rCold    + + +     Gourm    .   A - +10 large shield of Ignorance {rN+ Int-4}
rNeg     + + +     Faith    .   h - +12 gold dragon scales
rPois    +         Spirit   +   (helmet unavailable)
rElec    +         Reflect  .   C - +1 cloak of Starlight {rElec rC+ EV+4 Stlth--}
rCorr    +         Harm     .   W - +3 pair of gloves "Poboomn" {Str+8}
MR       +++++     Rnd*Rage +   S - +0 pair of boots of Kioschupo {-Cast rCorr Slay+6} Stlth ..........NoCast +
                                x - necklace of Bloodlust {*Rage +Rage MR++ Int-3 Slay+6 *Curse}
HPRegen  0.72/turn              P - ring "Suigaygg" {rPois rC+ rN++ Str+3}
MPRegen  0.60/turn              Z - ring "Afukuvor" {*Slow EV+5 Dex+8}

@: berserking, very slightly contaminated, hasted and slowed, lost intelligence
A: horns 3, thin metallic scales 3, blurry vision 1, clumsy 1, cold resistance
1, deformed body, deterioration 1, foul stench 2, magic resistance 1, passive
freeze, sense surroundings 1, screaming 3, magic shield, magic regeneration,
magic link, no potion heal 2, rot immunity, freezing cloud immunity, subdued
magic 2
}: 15/15 runes: barnacled, slimy, silver, golden, iron, obsidian, icy, bone,
abyssal, demonic, glowing, magical, fiery, dark, gossamer
a: Heroism, Finesse, Renounce Religion, Evoke Berserk Rage


You were on level 15 of a ziggurat.
You worshipped Okawaru.
Okawaru was exalted by your worship.
You were not hungry.

You visited 17 branches of the dungeon, and saw 84 of its levels.
You visited Pandemonium 1 time, and saw 15 of its levels.
You visited the Abyss 3 times.
You visited 1 ziggurat, and saw 15 of its levels.
You also visited: Ice Cave and Wizlab.

You collected 17291 gold pieces.
You spent 1854 gold pieces at shops.

Inventory:

Hand Weapons
 z - the +6 sword of Cerebov {flame}
   (You took it off Cerebov in Pandemonium)

   It has been specially enchanted to burn those struck by it, causing extra
   injury to most foes and up to half again as much damage against particularly
   susceptible opponents.
   Big, fiery blades are also staple armaments of hydra-hunters.
 Q - the +8 broad axe "Giocyahea" (weapon) {venom, rPois MP+9 Str+9 Int-2}
   (Okawaru gifted it to you on level 2 of the Depths)

   It poisons the flesh of those it strikes.
   It affects your strength (+9).
   It affects your intelligence (-2).
   It protects you from poison.
   It affects your magic capacity (+9).
Armour
 h - +12 gold dragon scales (worn)
 m - the +4 pearl dragon scales of Okawaru's Reproof {rN+ MR++ Str+5}
   (Okawaru gifted it to you on level 5 of the Depths)

   It affects your strength (+5).
   It protects you from negative energy.
   It affects your resistance to hostile enchantments.
 A - the +10 large shield of Ignorance (worn) {rN+ Int-4}
   (Okawaru gifted it to you on level 12 of a ziggurat)

   It affects your intelligence (-4).
   It protects you from negative energy.
 C - the +1 cloak of Starlight (worn) {rElec rC+ EV+4 Stlth--}
   (You found it in a wizard's laboratory)

   It affects your evasion (+4).
   It protects you from cold.
   It insulates you from electricity.
   It makes you much less stealthy.
 L - the +2 cloak "Mifrell" {MR+ Regen+ Slay+3}
   (You found it in a wizard's laboratory)

   It affects your accuracy and damage with ranged weapons and melee attacks
   (+3).
   It affects your resistance to hostile enchantments.
   It increases your rate of regeneration.
 S - the +0 pair of boots of Kioschupo (worn) {-Cast rCorr Slay+6}
   (You bought it in a shop on level 2 of the Orcish Mines)

   It affects your accuracy and damage with ranged weapons and melee attacks
   (+6).
   It prevents spellcasting.
   It provides partial protection from all sources of acid and corrosion.
 W - the +3 pair of gloves "Poboomn" (worn) {Str+8}
   (Okawaru gifted it to you on level 7 of Cocytus)

   It affects your strength (+8).
Jewellery
 a - a +3 ring of intelligence
 e - an uncursed ring of protection from magic {unknown}
 r - the ring of Secrets {rPois Int+2 SInv}
   (You found it in an ice cave)

   [ring of poison resistance]

   It affects your intelligence (+2).
   It protects you from poison.
   It lets you see invisible.
 x - the necklace of Bloodlust (around neck) {*Rage +Rage MR++ Int-3 Slay+6 *Curse}
   (You found it on level 5 of the Pits of Slime)

   [amulet of rage]

   It affects your intelligence (-3).
   It affects your accuracy and damage with ranged weapons and melee attacks
   (+6).
   It affects your resistance to hostile enchantments.
   It lets you go berserk.
   It may make you go berserk in combat.
   It curses itself when equipped.
 B - the ring "Upued" {rElec rF- Str+4 Int+3 Dex+3}
   (You found it in Pandemonium)

   [ring of intelligence]

   It affects your strength (+4).
   It affects your intelligence (+3).
   It affects your dexterity (+3).
   It makes you vulnerable to fire.
   It insulates you from electricity.
 D - the ring "Gienipt" {*Drain rC+ MR+ Str+3 Stlth+}
   (You found it on level 5 of a ziggurat)

   [ring of stealth]

   It affects your strength (+3).
   It protects you from cold.
   It affects your resistance to hostile enchantments.
   It causes draining when unequipped.
   It makes you more stealthy.
 K - the amulet "Kamnuelo" {+Rage rElec Str+4 Slay+2}
   (You found it on level 8 of a ziggurat)

   [amulet of rage]

   It affects your strength (+4).
   It affects your accuracy and damage with ranged weapons and melee attacks
   (+2).
   It insulates you from electricity.
   It lets you go berserk.
 P - the ring "Suigaygg" (left hand) {rPois rC+ rN++ Str+3}
   (You bought it in a shop on level 4 of the Shoals)

   [ring of strength]

   It affects your strength (+3).
   It protects you from cold.
   It protects you from poison.
   It greatly protects you from negative energy.
 Z - the ring "Afukuvor" (right hand) {*Slow EV+5 Dex+8}
   (You bought it in a shop on level 2 of the Depths)

   [ring of evasion]

   It affects your evasion (+5).
   It affects your dexterity (+8).
   It may slow you when you take damage.
Wands
 s - a wand of digging (16)
Scrolls
 c - 2 scrolls of silence
 g - 24 scrolls of identify
 i - 25 scrolls of teleportation
 p - a scroll of brand weapon
 q - 13 scrolls of enchant weapon
 u - 11 scrolls of blinking
 v - 46 scrolls of remove curse
 y - 13 scrolls of fear
 J - 16 scrolls of fog
 T - 8 scrolls of acquirement
 V - 13 scrolls of magic mapping
 X - 7 scrolls of enchant armour
Potions
 b - 2 potions of heal wounds
 d - 13 potions of might
 j - 7 potions of berserk rage
 k - 11 potions of agility
 l - 21 potions of brilliance
 t - 12 potions of flight
 w - 5 potions of cancellation
 E - 11 potions of invisibility
 F - 8 potions of magic
 O - 9 potions of resistance
 R - a potion of curing
 Y - 7 potions of ambrosia
Miscellaneous
 o - the horn of Geryon
 H - a figurine of a ziggurat
Comestibles
 f - 98 rations


   Skills:
 O Level 27 Fighting
 + Level 1.9 Long Blades
 O Level 27 Axes
 + Level 1.9 Throwing
 + Level 21.4 Armour
 + Level 24.4 Dodging
 + Level 23.3 Stealth
 O Level 27 Shields
 + Level 1.9 Unarmed Combat
 + Level 1.9 Spellcasting
 + Level 22.2 Invocations
 + Level 2.9 Evocations


You had 29 spell levels left.
You didn't know any spells.
Your spell library contained the following spells:

 Spells                   Type           Power        Failure   Level  Hunger
 Animate Skeleton         Necr           N/A          92%         1    ##.....
 Apportation              Tloc           #.....       92%         1    ##.....
 Beastly Appendage        Tmut           #.....       92%         1    ##.....
 Confusing Touch          Hex            #.....       92%         1    ##.....
 Corona                   Hex            #......      92%         1    ##.....
 Flame Tongue             Conj/Fire      #....        92%         1    ##.....
 Freeze                   Ice            #...         92%         1    ##.....
 Magic Dart               Conj           #...         92%         1    ##.....
 Pain                     Necr           #...         92%         1    ##.....
 Shock                    Conj/Air       #...         92%         1    ##.....
 Sting                    Conj/Pois      #...         92%         1    ##.....
 Summon Butterflies       Summ           #.......     92%         1    ##.....
 Summon Small Mammal      Summ           #...         92%         1    ##.....
 Blink                    Tloc           N/A          98%         2    ###....
 Call Imp                 Summ           #.......     98%         2    ###....
 Corpse Rot               Necr           N/A          98%         2    ###....
 Ensorcelled Hibernation  Hex/Ice        #.....       98%         2    ###....
 Passwall                 Tmut/Erth      #.......     98%         2    ###....
 Poisonous Vapours        Pois/Air       #.....       98%         2    ###....
 Searing Ray              Conj           #.....       98%         2    ###....
 Shroud of Golubria       Chrm/Tloc      #.........   98%         2    ###....
 Slow                     Hex            #.......     98%         2    ###....
 Song of Slaying          Chrm           #.......     98%         2    ###....
 Sticks to Snakes         Tmut           #.......     98%         2    ###....
 Sublimation of Blood     Necr           #.........   98%         2    ###....
 Swiftness                Chrm/Air       #.......     98%         2    ###....
 Throw Flame              Conj/Fire      #.....       98%         2    ###....
 Throw Frost              Conj/Ice       #.....       98%         2    ###....
 Call Canine Familiar     Summ           #.......     100%        3    ####...
 Confuse                  Hex            #.......     100%        3    ####...
 Conjure Flame            Conj/Fire      #.......     100%        3    ####...
 Dazzling Spray           Conj/Hex       #.....       100%        3    ####...
 Gell's Gravitas          Tloc           #.........   100%        3    ####...
 Ignite Poison            Fire/Tmut/Pois #.......     100%        3    ####...
 Inner Flame              Hex/Fire       #.......     100%        3    ####...
 Lesser Beckoning         Tloc           #.........   100%        3    ####...
 Mephitic Cloud           Conj/Pois/Air  #.......     100%        3    ####...
 Ozocubu's Armour         Chrm/Ice       #.......     100%        3    ####...
 Portal Projectile        Hex/Tloc       #.....       100%        3    ####...
 Recall                   Summ/Tloc      N/A          100%        3    ####...
 Regeneration             Chrm/Necr      #.........   100%        3    ####...
 Spider Form              Tmut/Pois      #.........   100%        3    ####...
 Static Discharge         Conj/Air       #.......     100%        3    ####...
 Summon Guardian Golem    Hex/Summ       #.......     100%        3    ####...
 Teleport Other           Tloc           #.......     100%        3    ####...
 Tukima's Dance           Hex            #.......     100%        3    ####...
 Vampiric Draining        Necr           #.........   100%        3    ####...
 Airstrike                Air            #.........   100%        4    #####..
 Animate Dead             Necr           N/A          100%        4    #####..
 Cause Fear               Hex            #.........   100%        4    #####..
 Force Lance              Conj/Tloc      #.......     100%        4    #####..
 Fulminant Prism          Conj/Hex       #.........   100%        4    #####..
 Ice Form                 Ice/Tmut       #.......     100%        4    #####..
 Iskenderun's Mystic Bla  Conj           #.......     100%        4    #####..
 Leda's Liquefaction      Hex/Erth       #.........   100%        4    #####..
 Olgreb's Toxic Radiance  Pois           #.......     100%        4    #####..
 Passage of Golubria      Tloc           N/A          100%        4    #####..
 Petrify                  Tmut/Erth      #.......     100%        4    #####..
 Sticky Flame             Conj/Fire      #.......     100%        4    #####..
 Summon Ice Beast         Ice/Summ       #.......     100%        4    #####..
 Summon Lightning Spire   Summ/Air       #.......     100%        4    #####..
 Throw Icicle             Conj/Ice       #.......     100%        4    #####..
 Agony                    Necr           #.......     100%        5    ######.
 Alistair's Intoxication  Tmut/Pois      #.......     100%        5    ######.
 Aura of Abjuration       Summ           #.........   100%        5    ######.
 Blade Hands              Tmut           #.........   100%        5    ######.
 Bolt of Draining         Conj/Necr      #.........   100%        5    ######.
 Bolt of Magma            Conj/Fire/Erth #.........   100%        5    ######.
 Borgnjor's Vile Clutch   Necr/Erth      #.........   100%        5    ######.
 Dispel Undead            Necr           #.......     100%        5    ######.
 Excruciating Wounds      Chrm/Necr      #.........   100%        5    ######.
 Fireball                 Conj/Fire      #.........   100%        5    ######.
 Irradiate                Conj/Tmut      #.........   100%        5    ######.
 Iskenderun's Battlesphe  Conj/Chrm      #.......     100%        5    ######.
 Lee's Rapid Deconstruct  Erth           #.........   100%        5    ######.
 Lightning Bolt           Conj/Air       #.........   100%        5    ######.
 Metabolic Englaciation   Hex/Ice        #.........   100%        5    ######.
 Silence                  Hex/Air        #.........   100%        5    ######.
 Summon Demon             Summ           #.........   100%        5    ######.
 Summon Forest            Summ/Tloc      #.........   100%        5    ######.
 Summon Mana Viper        Hex/Summ       #.......     100%        5    ######.
 Venom Bolt               Conj/Pois      #.........   100%        5    ######.
 Yara's Violent Unravell  Hex/Tmut       #.........   100%        5    ######.
 Bolt of Cold             Conj/Ice       #.........   100%        6    #######
 Bolt of Fire             Conj/Fire      #.........   100%        6    #######
 Conjure Ball Lightning   Conj/Air       #.........   100%        6    #######
 Darkness                 Hex            #.........   100%        6    #######
 Deflect Missiles         Chrm/Air       #.........   100%        6    #######
 Dispersal                Tloc           #.........   100%        6    #######
 Hydra Form               Tmut           #.........   100%        6    #######
 Invisibility             Hex            #.......     100%        6    #######
 Iron Shot                Conj/Erth      #.........   100%        6    #######
 Poison Arrow             Conj/Pois      #.........   100%        6    #######
 Shadow Creatures         Summ           N/A          100%        6    #######
 Statue Form              Tmut/Erth      #........    100%        6    #######
 Dragon Form              Tmut           #.........   100%        7    #######
 Haunt                    Necr/Summ      #.........   100%        7    #######
 Malign Gateway           Summ/Tloc      #.........   100%        7    #######
 Monstrous Menagerie      Summ           #.........   100%        7    #######
 Orb of Destruction       Conj           #.........   100%        7    #######
 Ring of Flames           Chrm/Fire      #.........   100%        7    #######
 Spellforged Servitor     Conj/Summ      #.........   100%        7    #######
 Summon Greater Demon     Summ           #.........   100%        7    #######
 Summon Hydra             Summ           #.........   100%        7    #######
 Borgnjor's Revivificati  Necr           #.........   100%        8    #######
 Chain Lightning          Conj/Air       #.........   100%        8    #######
 Controlled Blink         Tloc           N/A          100%        8    #######
 Death's Door             Chrm/Necr      #.........   100%        8    #######
 Discord                  Hex            #.........   100%        8    #######
 Disjunction              Tloc           #.........   100%        8    #######
 Ignition                 Fire           #.........   100%        8    #######
 Infestation              Necr           #.........   100%        8    #######
 Lehudib's Crystal Spear  Conj/Erth      #.........   100%        8    #######
 Necromutation            Tmut/Necr      #.........   100%        8    #######
 Summon Horrible Things   Summ           #.........   100%        8    #######
 Dragon's Call            Summ           #.........   100%        9    #######
 Fire Storm               Conj/Fire      #.........   100%        9    #######
 Glaciate                 Conj/Ice       #.........   100%        9    #######
 Shatter                  Erth           #.........   100%        9    #######
 Tornado                  Air            #.........   100%        9    #######


Dungeon Overview and Level Annotations

Branches:
Dungeon (15/15)            Temple (1/1) D:7            Lair (6/6) D:8
 Shoals (4/4) Lair:4       Spider (4/4) Lair:4        Slime (5/5) Lair:5
    Orc (2/2) D:10            Elf (3/3) Orc:2        Vaults (5/5) D:14
  Crypt (3/3) Vaults:2       Tomb (3/3) Crypt:3      Depths (5/5) D:15
   Hell (1/1)                 Dis (7/7) Hell            Geh (7/7) Hell
    Coc (7/7) Hell            Tar (7/7) Hell            Zot (0/5) Depths:5

Altars:
Ashenzari
Cheibriados
Dithmenos
Elyvilon
Fedhas
Hepliaklqana
Kikubaaqudgha
Makhleb
Nemelex Xobeh
Okawaru
Qazlal
Sif Muna
Trog
Uskayaw
Vehumet
Wu Jian
Xom
Yredelemnul
The Shining One
Beogh
Jiyva
Lugonu

Shops:
D:9 :   D:12 ?   D:15 *   Orc:2 ?%%[   Elf:1 [   Shoals:4 =   Vaults:2 !
Vaults:5 (   Depths:1 %   Depths:2 =?%

Portals:
Hell: Lair:6 Depths:1 Depths:2 Depths:3 Depths:4 Depths:5
Abyss: Depths:3 Depths:4 Depths:5
Pandemonium: Depths:1 Depths:3 Depths:4

Annotations:
Depths:4 1 runed door
Coc:7 exclusion: ice statue


Innate Abilities, Weirdness & Mutations

You have a pair of large horns on your head.
You are completely covered in thin metallic scales. (AC +4, rElec)
Your flesh is cold resistant. (rC+)
You frequently emit foul miasma when damaged in melee.
A frigid envelope surrounds you and freezes all who hurt you.
When hurt, damage is shared between your health and your magic reserves.
You regenerate magic rapidly.
When low on magic, you restore magic in place of health.
You are immune to rotting.
You are immune to freezing clouds.
Scrolls take you a little longer to read.
You are clumsy. (Dex -2)
Armour fits poorly on your strangely shaped body.
Your body sometimes deteriorates upon taking damage.
You are resistant to hostile enchantments. (MR+)
You passively map a small area around you.
You frequently scream uncontrollably at your foes.
Potions are poor at restoring your health.
Your spells are easier to cast, but less powerful.


Message History

The necklace of Bloodlust glows a violent red.
You destroy the mummy priest!
Okawaru accepts your kill.
You feel extremely nervous for a moment...
Death has come for you...
The sixfirhy disappears in a puff of smoke!
You block the greater mummy's attack. x2; You block the reaper's attack.
The greater mummy gestures wildly while chanting.
You block the greater mummy's attack.
You completely miss the greater mummy.
The greater mummy is lightly damaged.
You closely miss the mummy.
Your gold dragon scales prevents you from hitting the greater mummy.
You slash the greater mummy!
You cut the guardian mummy into ribbons!!!
You destroy the guardian mummy!
Okawaru accepts your kill.
You feel extremely nervous for a moment...
You convulse helplessly as pain tears through your body!
You die...

▓▓▓▓▓▓▓▓▓▓▓▓▓
▓▓...........▓▓
▓▓.......M..s..▓▓
▓▓........Zz.ZZ.:▓▓
▓▓.....#.WMMz#MsMM)▓
▓▓......##.ZM##8WMM?[
▓▓...........§@MMMZZM[
▓.∩.........2MM†4MZss)
*
▓▓..........2.4MMMZM?$
▓▓......##..Z##WMZs([
▓▓.....#.....#MZM[)▓
▓▓...............▓▓
▓▓.............▓▓
▓▓...........▓▓
▓▓▓▓▓▓▓▓▓▓▓▓


You could see 5 greater mummies, an emperor scorpion, 2 reapers, a mummy priest,
2 orange demons, a phantasmal warrior, 2 guardian mummies, an ushabti, a
spectral golden dragon, a wraith, 4 death scarabs, a shadow, 15 mummies, 2
wights, a deep elf death mage simulacrum, 2 glowing shapeshifter simulacra, a
tengu reaver simulacrum, 2 juggernaut simulacra, a golden dragon zombie, a tengu
reaver zombie, a caustic shrike zombie and a juggernaut skeleton.

Vanquished Creatures
  Cerebov (Pan)
  Antaeus (Coc:7)
  the Royal Jelly (Slime:5)
  Asmodeus (Geh:7)
  Gloorx Vloq (Pan)
  the Serpent of Hell (Tar:7)
  Ereshkigal (Tar:7)
  Mnoleg (Pan)
  Lom Lobon (Pan)
  Khufu (Tomb:2)
  Dispater (Dis:7)
  Mara (Crypt:2)
  Mennas (Tomb:2)
  4 ancient liches
  A juggernaut (Depths:3)
  23 greater mummies
  Boris (twice) (Vaults:2 Vaults:4)
  4 shard shrikes
  Frederick (Vaults:4)
  Margery (Vaults:4)
  5 golden dragons
  A caustic shrike (Depths:3)
  Geryon (Hell)
  Jory (Vaults:4)
  Nikola (Vaults:2)
  A profane servitor (Zig:9)
  Arachne (Spider:2)
  The ghost of Motoh the Peltast, a veteran DsFi of Okawaru (Depths:4)
  12 iron giants
  18 bone dragons
  15 liches
  19 Tzitzimimeh
  6 doom hounds
  27 Brimstone Fiends
  21 Ice Fiends
  13 Hell Sentinels
  7 tentacled monstrosities
  Rupert (Spider:1)
  Asterion (Vaults:1)
  10 pandemonium lords (Pan)
  11 titans
  4 deep elf master archers
  18 acid blobs
  4 deep elf blademasters
  Murray (Hell)
  14 sphinxes
  4 quicksilver dragons
  29 Executioners
  12 tentacled starspawn
  5 eldritch tentacles
  5 warmongers (Pan)
  The ghost of Pompelm0 the Severer, an adept MiBe of Trog (Elf:2)
  Agnes (D:15)
  5 storm dragons
  6 krakens
  Kirke (Spider:2)
  8 shadow dragons
  17 ancient champions
  Donald (Crypt:1)
  7 revenants
  6 nagarajas
  7 azure jellies
  22 frost giants
  22 vault wardens
  8 deep elf sorcerers
  A draconian monk (Abyss:3)
  11 tengu reavers
  16 fire giants
  2 orc warlords
  2 caustic shrike zombies
  13 iron dragons
  An angel (Pan)
  Louise (Shoals:1)
  A draconian shifter (Abyss:1)
  38 balrugs
  28 cacodemons
  2 draconian stormcallers (Depths:5)
  7 ghost moths
  6 emperor scorpions (Spider:4)
  6 ghouls
  3 spriggan defenders (Depths:3)
  4 curse skulls
  The ghost of Duffy the Eclecticist, a journeyman DEFE of Vehumet (D:14)
  A deep elf elementalist (Elf:2)
  4 elemental wellsprings (Coc:7)
  2 draconian annihilators (Pan)
  4 entropy weavers
  A caustic shrike skeleton (Zig:13)
  58 reapers
  19 war gargoyles
  12 blood saints (Pan)
  22 very ugly things
  26 stone giants
  23 ironheart preservers
  13 corrupters (Pan)
  An ophan (Abyss:1)
  17 bennus
  15 black suns (Pan)
  11 deep elf demonologists
  A green draconian (Depths:5)
  11 deep elf annihilators
  15 vampire knights
  14 spark wasps
  3 white draconians
  14 lorocyprocas
  A purple draconian (Zig:2)
  3 red draconians
  A dire elephant (shapeshifter) (Vaults:5)
  2 dire elephants
  2 minotaurs
  22 ettins
  11 merfolk impalers
  4 eidola
  23 green deaths (Pan)
  4 crystal guardians
  17 fire dragons
  11 deep elf death magi
  15 ogre magi
  2 spectral krakens (Tar:7)
  45 blizzard demons
  21 mummy priests
  4 jiangshi
  14 death oozes (Slime:5)
  8 quicksilver dragon zombies
  6 merfolk javelineers
  20 yaktaur captains
  3 deep elf high priests
  Josephine (Lair:5)
  2 quicksilver dragon skeletons
  14 great orbs of eyes
  A kraken zombie (Coc:2)
  22 ice dragons
  8 rakshasas
  11 monstrous demonspawn (Pan)
  32 vault guards
  6 hell beasts
  2 ghost crabs (Tar:7)
  2 alligator snapping turtles
  A naga warrior (Zig:12)
  2 juggernaut simulacra (Depths:4)
  14 centaur warriors
  11 hydras
  5 spriggan air magi
  3 catoblepae
  2 anacondas
  36 two-headed ogres
  6 merfolk avatars
  40 dancing weapons
  3 satyrs
  3 death knights
  7 merfolk aquamancers
  6 death yaks
  25 death scarabs
  9 deep troll shamans
  30 hell hogs
  11 deep troll earth magi
  10 tengu warriors
  The ghost of Buarolus the Thaumaturge, a journeyman DEFE of Vehumet (Lair:2)
  13 titan zombies
  4 naga sharpshooters
  9 vampire magi
  24 deep elf knights
  5 thrashing horrors
  6 orc high priests (Orc:2)
  3 iron golems (Hell)
  4 spriggan berserkers
  6 holy swine (Pan)
  Nergalle (D:11)
  7 storm dragon zombies
  108 sun demons
  5 iron trolls
  71 hell knights
  52 soul eaters
  4 titan skeletons
  3 wretched stars
  12 shadow wraiths
  53 slime creatures
  4 storm dragon skeletons
  3 spatial maelstroms
  A spark wasp zombie (Hell)
  35 shadow demons
  11 infernal demonspawn (Pan)
  14 sea snakes
  A spriggan druid (Zig:6)
  11 glowing orange brains
  13 gelid demonspawn (Pan)
  3 ghost moth zombies
  29 sixfirhies
  2 salamander mystics (Zig:12)
  92 skeletal warriors
  30 deep trolls
  7 golden dragon zombies
  17 flayed ghosts
  A glowing orange brain (shapeshifter) (Elf:2)
  4 tengu zombies
  14 anaconda zombies
  3 kraken simulacra (Coc:7)
  An orange crystal statue (Zig:13)
  2 death drakes
  An obsidian statue (WizLab)
  6 anaconda skeletons
  60 starcursed masses
  2 naga ritualists (Zig:12)
  2 harpies (shapeshifter)
  16 ironbrand convokers
  14 deep elf archers
  11 torturous demonspawn (Pan)
  A mana viper (shapeshifter) (Zig:11)
  13 wizards
  19 harpies
  15 phantasmal warriors
  A sphinx zombie (Zig:14)
  5 shadow dragon zombies
  An orb spider (shapeshifter) (Vaults:5)
  2 unseen horrors
  29 orc knights
  10 wolf spider zombies
  23 necromancers
  5 golden dragon skeletons
  3 oklob plants (Lair:5)
  6 iron dragon zombies
  46 deep elf magi
  14 orb spiders
  4 shadow dragon skeletons
  2 tengu skeletons (Vaults:4)
  A manticore (shapeshifter) (Vaults:5)
  8 fire giant zombies
  13 fauns
  A sphinx skeleton (Zig:10)
  2 mana vipers
  29 wolf spiders
  4 human zombies
  7 cyclopes
  32 ugly things
  6 shining eyes
  7 orc sorcerers
  5 worldbinders
  2 moths of wrath
  A cyclops (shapeshifter) (Depths:3)
  6 frost giant zombies
  4 iron dragon skeletons
  60 large abominations
  11 manticores
  17 stone giant zombies
  2 shock serpent zombies
  10 titan simulacra (Coc:7)
  8 merfolk sirens
  19 black mambas
  4 guardian serpents (shapeshifter)
  40 rust devils
  4 stone giant skeletons
  5 fire giant skeletons
  17 vault sentinels
  5 water nymphs
  3 apocalypse crabs (Abyss:2)
  A gargoyle (D:15)
  8 ice statues
  An eye of devastation (shapeshifter) (Depths:4)
  4 frost giant skeletons
  3 naga magi
  87 smoke demons
  A spriggan skeleton (Zig:10)
  11 spiny frogs
  9 dire elephant zombies
  8 spectral swamp worms (Tar:7)
  10 molten gargoyles
  A shock serpent skeleton (Tar:1)
  33 orange demons
  5 storm dragon simulacra (Coc:7)
  5 eyes of devastation
  6 centaur skeletons
  A spark wasp simulacrum (Zig:14)
  22 hellions
  2 catoblepas zombies
  A rime drake (shapeshifter) (Vaults:1)
  11 komodo dragons
  2 kobold demonologists (D:14)
  72 yaktaurs
  4 dire elephant skeletons
  2 yaktaur zombies
  A yellow draconian zombie (Tar:2)
  3 anaconda simulacra (Coc:7)
  5 rime drakes (Lair:6)
  31 freezing wraiths
  48 hellwings
  An alligator snapping turtle skeleton (Crypt:1)
  37 demonic crawlers
  5 emperor scorpion zombies
  A green draconian skeleton (Tar:1)
  8 ancient zymes
  10 efreet
  3 spriggan zombies
  A merfolk (shapeshifter) (Depths:5)
  5 tengu conjurers
  46 tormentors
  14 trolls
  A catoblepas skeleton (Geh:7)
  36 ice devils
  49 guardian mummies
  49 red devils
  A redback zombie (D:15)
  4 elf skeletons
  33 merfolk
  A yaktaur skeleton (Vaults:4)
  18 jumping spiders
  A golden dragon simulacrum (Zig:15)
  A red draconian skeleton (Tar:6)
  11 hornets
  A grey draconian skeleton (Crypt:2)
  A meliai (Lair:2)
  10 hydra zombies
  2 queen bees
  19 wind drakes
  2 hornets (shapeshifter)
  A troll (shapeshifter) (D:14)
  3 silent spectres
  A wolf spider simulacrum (Abyss:5)
  Grinder (D:6)
  14 raiju (Abyss:3)
  2 bog bodies (Coc:7)
  A wind drake (shapeshifter) (Vaults:4)
  A death drake skeleton (Crypt:1)
  7 dream sheep
  2 polar bears
  6 hydra skeletons
  A dream sheep (shapeshifter) (Vaults:5)
  12 ettin zombies
  2 harpy skeletons
  A blink frog (shapeshifter) (Vaults:3)
  12 blink frogs
  A jumping spider zombie (Crypt:2)
  6 alligator zombies
  8 snapping turtles
  7 ettin skeletons
  18 hippogriffs
  A fire giant simulacrum (Vaults:3)
  3 fire dragon zombies
  Sigmund (D:3)
  104 flying skulls
  19 shadows
  2 alligator skeletons
  A spriggan (shapeshifter) (Vaults:2)
  2 air elementals
  A black mamba zombie (Dis:7)
  6 ice dragon zombies
  4 fire dragon skeletons
  2 spriggans (Depths:3)
  A vampire (D:13)
  An elf simulacrum (Zig:15)
  36 wraiths
  64 redbacks
  4 wyverns
  3 ice dragon skeletons
  36 water elementals
  39 ynoxinuls
  2 yaks (shapeshifter)
  37 fire elementals
  A human (shapeshifter) (Depths:3)
  24 tarantellas
  34 ushabtiu
  A dire elephant simulacrum (IceCv)
  2 black mamba skeletons
  31 yaks
  10 vampire mosquitoes
  2 basilisks
  36 neqoxecs
  3 hogs (Spider:2)
  3 fire bats
  38 chaos spawn
  A hog (shapeshifter) (Vaults:5)
  2 human simulacra
  2 hungry ghosts
  An emperor scorpion simulacrum (Tomb:3)
  14 spatial vortices
  2 merfolk zombies
  2 iron troll simulacra (IceCv)
  2 harpy simulacra
  2 insubstantial wisps (WizLab)
  3 nagas
  13 hydra simulacra
  2 acid dragons
  6 wargs
  57 hell hounds
  A water moccasin (shapeshifter) (Depths:4)
  7 porcupines
  7 spiny frog zombies
  15 ice beasts
  15 water moccasins
  3 floating eyes
  A hornet zombie (D:10)
  A soldier ant (D:13)
  7 spiny frog skeletons
  86 orc warriors
  11 phantoms
  4 sky beasts
  2 ettin simulacra
  4 manticore zombies
  35 necrophages
  A sky beast (shapeshifter) (D:14)
  2 black bears
  A fire dragon simulacrum (Coc:5)
  4 snapping turtle zombies
  2 manticore skeletons
  28 centaurs
  46 ogres
  A blink frog skeleton (Crypt:1)
  19 boggarts
  A swamp dragon zombie (Dis:7)
  17 wolves
  10 snapping turtle skeletons
  8 eyes of draining
  13 crocodiles
  A swamp dragon skeleton (Geh:7)
  4 elf zombies
  14 small abominations
  5 big kobolds
  A rime drake skeleton (Crypt:1)
  24 bullfrogs
  5 earth elementals
  A salamander skeleton (Crypt:2)
  A deep troll simulacrum (Vaults:3)
  A human skeleton (WizLab)
  A spiny frog simulacrum (Crypt:1)
  A wyvern skeleton (D:10)
  6 scorpions
  5 troll zombies
  29 killer bees
  2 warg skeletons (Crypt:1)
  52 wights
  A troll skeleton (Tar:2)
  2 howler monkeys
  A polar bear skeleton (Crypt:1)
  5 electric eels
  2 lava snakes (D:14)
  12 crimson imps
  3 bullfrog zombies
  8 quasits
  3 centaur zombies
  2 bullfrog skeletons
  5 jellies
  19 orc wizards
  A gnoll shaman (D:9)
  3 hounds
  38 orc priests
  24 iron imps
  12 worker ants
  4 iguanas
  A lightning spire (Zig:10)
  A spriggan simulacrum (Coc:7)
  A killer bee zombie (Crypt:1)
  A felid skeleton (Crypt:2)
  A crocodile zombie (Crypt:1)
  6 ogre zombies
  A hound zombie (D:9)
  68 mummies
  8 gnolls
  13 adders
  A swamp drake zombie (Crypt:1)
  16 shadow imps
  22 white imps
  3 ufetubi
  2 adder skeletons
  An adder zombie (D:7)
  3 worms
  4 ball lightnings (Pan)
  5 dart slugs
  10 leopard geckos
  139 orcs
  5 ball pythons
  5 giant cockroaches
  6 goblins
  7 hobgoblins
  12 jackals
  4 quokkas
  3 bats
  7 frilled lizards
  A goblin skeleton (D:10)
  A goblin zombie (D:10)
  2 hobgoblin skeletons (D:10)
  3 hobgoblin zombies (D:10)
  A jackal skeleton (Crypt:2)
  A jackal zombie (D:9)
  23 kobolds
  A kobold zombie (Geh:7)
  A leopard gecko skeleton (Crypt:2)
  2 leopard gecko zombies
  5 orc skeletons (D:10)
  13 orc zombies (D:10)
  A quokka zombie (D:6)
  6 rats
  A fire vortex (Geh:7)
  6 fungi
  A lurking horror (Abyss:4)
  11 plants
  11 starspawn tentacles
  24 tentacles
5417 creatures vanquished.

Vanquished Creatures (others)
  An ancient lich (Abyss:1)
  2 eldritch tentacles (Pan)
  An ancient champion (Tomb:3)
  Ilsuiw (Shoals:2)
  A bennu (Tomb:2)
  A deep elf annihilator (Pan)
  A merfolk javelineer (Elf:3)
  A green death (Pan)
  A yaktaur captain (Depths:5)
  A rakshasa (Pan)
  A centaur warrior (Depths:3)
  3 death scarabs
  5 hell hogs
  A deep elf knight (Elf:3)
  3 skeletal warriors (Tomb:2)
  An anaconda zombie (Tomb:2)
  A deep elf archer (Elf:3)
  A tengu zombie (Zig:10)
  2 necromancers (Geh:3)
  A smoke demon (Pan)
  4 yaktaurs
  4 guardian mummies
  A hellwing (Pan)
  4 wind drakes (Pan)
  A bog body (Coc:7)
  10 flying skulls
  A fire bat (Abyss:1)
  2 humans (Spider:2)
  A chaos spawn (Abyss:2)
  3 ushabtiu (Tomb:3)
  A small abomination (Abyss:3)
  2 hell hounds (Geh:7)
  A necrophage (Geh:3)
  2 snapping turtle simulacra (Tomb:3)
  3 wights (Geh:3)
  An ogre skeleton (Geh:7)
  5 mummies
  A worm (D:2)
  9 ball lightnings
  A fungus (Elf:3)
  2 lurking horrors (Abyss:3)
  9 plants
  18 starspawn tentacles
  43 tentacles
159 creatures vanquished.

Grand Total: 5576 creatures vanquished

Notes
Turn   | Place    | Note
-------+----------+-------------------------------------------
     0 | D:1      | galech the Demonspawn Fighter began the quest for the Orb.
     0 | D:1      | Reached XP level 1. HP: 18/18 MP: 1/1
    33 | D:1      | Gained mutation: You are partially covered in thin metallic
                  | scales. (AC +2) [demonic ancestry]
    33 | D:1      | Reached XP level 2. HP: 24/24 MP: 2/2
   420 | D:1      | Gained mutation: You are mostly covered in thin metallic
                  | scales. (AC +3) [demonic ancestry]
   420 | D:1      | Reached XP level 3. HP: 22/29 MP: 3/3
  1144 | D:2      | Found a radiant altar of Vehumet.
  1155 | D:2      | Gained mutation: You are immune to rotting. [demonic
                  | ancestry]
  1155 | D:2      | Reached XP level 4. HP: 35/35 MP: 4/4
  1163 | D:2      | Found a shattered altar of Ashenzari.
  1163 | D:2      | Found a stormy altar of Qazlal.
  2073 | D:3      | Noticed Sigmund
  2078 | D:3      | Killed Sigmund
  2078 | D:3      | Reached XP level 5. HP: 38/42 MP: 5/5
  2078 | D:3      | Reached XP level 6. HP: 44/48 MP: 6/6
  2115 | D:3      | Reached skill level 1 in Dodging
  2152 | D:3      | Found a blossoming altar of Fedhas.
  2330 | D:2      | Found a bloodstained altar of Trog.
  2330 | D:2      | Found an ornate altar of the Wu Jian Council.
  2582 | D:3      | Found a shimmering altar of Xom.
  3017 | D:4      | Found a glowing golden altar of the Shining One.
  3017 | D:4      | Found an ancient bone altar of Kikubaaqudgha.
  3674 | D:5      | Entered Level 5 of the Dungeon
  3734 | D:5      | Gained mutation: You may emit foul miasma when damaged in
                  | melee. [demonic ancestry]
  3734 | D:5      | Reached XP level 7. HP: 38/53 MP: 7/7
  3891 | D:5      | Reached skill level 5 in Axes
  4724 | D:6      | Reached XP level 8. HP: 45/61 MP: 8/8
  4824 | D:6      | Reached skill level 5 in Shields
  5606 | D:6      | Reached skill level 5 in Fighting
  6168 | D:6      | Noticed Grinder
  6170 | D:6      | Paralysed by Grinder for 7 turns
  6180 | D:6      | Paralysed by Grinder for 3 turns
  6197 | D:6      | Paralysed by Grinder for 6 turns
  6211 | D:6      | Killed Grinder
  6211 | D:6      | Reached XP level 9. HP: 47/68 MP: 7/9
  6538 | D:6      | Reached skill level 5 in Armour
  6966 | D:6      | Noticed a green ugly thing
  7004 | D:6      | Killed a green ugly thing
  7343 | D:7      | Reached skill level 1 in Stealth
  7713 | D:7      | Identified the ring "Cuic" {*Slow rElec MR+ Int+2 Stlth+}
  7859 | D:7      | Found a staircase to the Ecumenical Temple.
  7864 | Temple   | Entered the Ecumenical Temple
  7920 | Temple   | Became a worshipper of Warmaster Okawaru
  8001 | D:7      | Found a snail-covered altar of Cheibriados.
  8074 | D:7      | Found a burning altar of Makhleb.
  8298 | D:8      | Found a deep blue altar of Sif Muna.
  8334 | D:8      | Found a staircase to the Lair.
  8358 | D:8      | Gained mutation: You have a pair of small horns on your
                  | head. [demonic ancestry]
  8358 | D:8      | Reached XP level 10. HP: 52/76 MP: 7/10
  8361 | D:8      | Reached * piety under Okawaru
  8565 | D:8      | Found a white marble altar of Elyvilon.
  8935 | D:9      | Found Mynum's Book Shop.
  9038 | D:9      | Reached ** piety under Okawaru
  9446 | D:9      | Reached *** piety under Okawaru
  9446 | D:9      | Reached skill level 10 in Axes
  9772 | D:10     | Entered Level 10 of the Dungeon
  9929 | D:10     | Found a staircase to the Orcish Mines.
  9929 | D:10     | Noticed an orc sorcerer
  9938 | D:10     | Noticed an orange demon
  9947 | D:10     | Gained mutation: You have a pair of horns on your head.
                  | [demonic ancestry]
  9947 | D:10     | Reached XP level 11. HP: 50/84 MP: 4/11
  9955 | D:10     | Killed an orc sorcerer
  9955 | D:10     | Reached **** piety under Okawaru
 10227 | D:10     | Noticed a skeletal warrior
 10250 | D:10     | Killed a skeletal warrior
 10936 | D:10     | Killed an unseen horror
 11103 | Orc:1    | Entered Level 1 of the Orcish Mines
 11103 | Orc:1    | Noticed an orc knight
 11141 | Orc:1    | Killed an orc knight
 11644 | Orc:2    | Entered Level 2 of the Orcish Mines
 12019 | Orc:2    | Noticed an orc sorcerer
 12022 | Orc:2    | Paralysed by an orc sorcerer for 7 turns
 12042 | Orc:2    | Killed an orc sorcerer
 12359 | Orc:2    | Noticed an orc high priest
 12398 | Orc:2    | Killed an orc high priest
 12398 | Orc:2    | Reached ***** piety under Okawaru
 12748 | Orc:2    | Found a staircase to the Elven Halls.
 12783 | Orc:2    | Noticed an orc knight
 12804 | Orc:2    | Killed an orc knight
 12926 | Orc:2    | Noticed an orc sorcerer
 12927 | Orc:2    | Noticed an orc knight
 12962 | Orc:2    | Killed an orc knight
 12962 | Orc:2    | Reached skill level 1 in Invocations
 12963 | Orc:2    | Killed an orc sorcerer
 12963 | Orc:2    | Gained mutation: You frequently emit foul miasma when
                  | damaged in melee. [demonic ancestry]
 12963 | Orc:2    | Reached XP level 12. HP: 43/93 MP: 5/12
 14119 | Orc:2    | Noticed an orc high priest
 14135 | Orc:2    | Killed an orc high priest
 14754 | Orc:2    | Noticed an orc high priest
 14771 | Orc:2    | Noticed an orc high priest
 14790 | Orc:2    | Noticed an orc high priest
 14793 | Orc:2    | Noticed an orc high priest
 15136 | Orc:2    | Killed an orc high priest
 15165 | Orc:2    | Killed an orc high priest
 15408 | Orc:2    | Killed an orc high priest
 15437 | Orc:2    | Killed an orc high priest
 15437 | Orc:2    | Reached skill level 10 in Shields
 15499 | Orc:2    | Found Nagywia's Antique Armour Shoppe.
 15502 | Orc:2    | Found Seas's Magic Scroll Shoppe.
 15503 | Orc:2    | Found Guyjak's Food Shoppe.
 15504 | Orc:2    | Found Sissy's Food Emporium.
 15511 | Orc:2    | Bought a pair of polished boots for 209 gold pieces
 15521 | Orc:2    | Identified the cursed +0 pair of boots of Kioschupo {-Cast
                  | rCorr Slay+6} (You bought it in a shop on level 2 of the
                  | Orcish Mines)
 15769 | Orc:1    | Reached ****** piety under Okawaru
 16132 | D:11     | Noticed Nergalle
 16149 | D:11     | Received a gift from Okawaru
 16260 | D:11     | Killed Nergalle
 16391 | D:11     | Reached XP level 13. HP: 101/101 MP: 14/14
 16733 | D:12     | Paralysed by a hornet for 1 turns
 17094 | D:12     | Received a gift from Okawaru
 17246 | D:12     | Found Zuaf's Magic Scroll Emporium.
 17461 | D:12     | Identified a scroll of acquirement
 17677 | D:13     | Received a gift from Okawaru
 17863 | D:13     | Reached skill level 10 in Fighting
 18031 | D:13     | Found a stormy altar of Qazlal.
 18475 | D:14     | Received a gift from Okawaru
 18478 | D:14     | Got a spiked plate armour {god gift}
 18489 | D:14     | Identified the +8 plate armour "Uxyan" {rElec rC+ Int+4}
                  | (Okawaru gifted it to you on level 14 of the Dungeon)
 18700 | D:14     | Noticed a fire dragon
 18703 | D:14     | Found a runed gate.
 18703 | D:14     | Found a runed gate.
 18703 | D:14     | Found a runed gate.
 18709 | D:14     | Killed a fire dragon
 18725 | D:14     | Noticed Duffy's ghost (journeyman DEFE)
 19046 | D:14     | Found a gate to the Vaults.
 19250 | D:15     | Entered Level 15 of the Dungeon
 19302 | D:15     | Paralysed by an ogre mage for 7 turns
 19316 | D:15     | Reached XP level 14. HP: 17/111 MP: 3/15
 19656 | D:15     | Found a blossoming altar of Fedhas.
 19705 | D:15     | Noticed Agnes
 19726 | D:15     | Killed Agnes
 19739 | D:15     | Received a gift from Okawaru
 19841 | D:15     | Reached skill level 10 in Armour
 19848 | D:15     | Got a steaming hat {god gift}
 19854 | D:15     | Identified the +0 hat of Grace {+Fly Slay+3 Stlth+}
                  | (Okawaru gifted it to you on level 15 of the Dungeon)
 20196 | D:15     | Found Fetivukk's Assorted Antiques.
 20334 | D:15     | Found a staircase to the Depths.
 21160 | Lair:1   | Entered Level 1 of the Lair of Beasts
 22040 | Lair:2   | Noticed Buarolus's ghost (journeyman DEFE)
 22068 | Lair:2   | Found a transporter.
 22072 | Lair:2   | Found a transporter.
 22615 | Lair:3   | Received a gift from Okawaru
 22637 | Lair:3   | Identified a +2 pair of boots of running (Okawaru gifted it
                  | to you on level 3 of the Lair of Beasts)
 22703 | Lair:3   | Identified Dispater's Incunabulum of Summoning
 23238 | Lair:4   | Got a jewelled hand axe
 23239 | Lair:4   | Identified the +6 hand axe of Perfectionism {chop, *Slow
                  | Int+5 Dex+5} (You found it on level 4 of the Lair of
                  | Beasts)
 23371 | Lair:4   | Found a hole to the Spider Nest.
 23432 | Lair:3   | Got a fine buckler
 23448 | Lair:3   | Identified the cursed +0 buckler of Broken Taboos {rC+
                  | Int+4 Dex-3} (You found it on level 3 of the Lair of
                  | Beasts)
 23514 | Lair:4   | Found a staircase to the Shoals.
 23765 | Lair:4   | Reached XP level 15. HP: 119/119 MP: 17/17
 24314 | Lair:5   | Found a staircase to the Slime Pits.
 24402 | Lair:5   | Got a faintly humming cloak
 24413 | Lair:5   | Identified the cursed -6 cloak of the Everdark {Str-3 Int+4
                  | Stlth+} (You found it on level 5 of the Lair of Beasts)
 24809 | Lair:5   | Noticed Josephine
 24819 | Lair:5   | Killed Josephine
 24823 | Lair:5   | Reached skill level 15 in Axes
 25484 | Lair:6   | Entered Level 6 of the Lair of Beasts
 25721 | Lair:6   | Found a white marble altar of Elyvilon.
 26038 | Lair:6   | Received a gift from Okawaru
 26044 | Lair:6   | Found a burning altar of Makhleb.
 26073 | Lair:6   | Paralysed by a red devil for 6 turns
 26084 | Lair:6   | Paralysed by a red devil for 6 turns
 26102 | Lair:6   | Received a gift from Okawaru
 26137 | Lair:6   | Found a gateway to Hell.
 26698 | Elf:1    | Entered Level 1 of the Elven Halls
 27177 | Elf:1    | Identified Reigafilo's Papyrus of Evil
 27223 | Elf:1    | Found Estim's Antique Armour Shop.
 27653 | Elf:2    | Found Wotwaeg's Assorted Antiques.
 28010 | Elf:2    | Gained mutation: You have a pair of large horns on your
                  | head. [demonic ancestry]
 28010 | Elf:2    | Reached XP level 16. HP: 105/129 MP: 19/19
 28175 | Elf:2    | Found the +6 lightning scales {run, rElec}
 28197 | Elf:2    | Found a runed gate.
 28197 | Elf:2    | Found a runed gate.
 28197 | Elf:2    | Found a runed gate.
 28305 | Elf:2    | Found a deep blue altar of Sif Muna.
 28546 | Elf:2    | Received a gift from Okawaru
 28782 | Elf:2    | Noticed a deep elf blademaster
 28794 | Elf:2    | Killed a deep elf blademaster
 29387 | Elf:3    | Entered Level 3 of the Elven Halls
 29387 | Elf:3    | Found a runed gate.
 29387 | Elf:3    | Found a runed gate.
 29389 | Elf:3    | Found a runed gate.
 29401 | Elf:3    | Noticed Pompelm0's ghost (adept MiBe)
 29775 | Elf:3    | Noticed a titan
 29812 | Elf:3    | Noticed a deep elf master archer
 29831 | Elf:3    | Found an iron altar of Okawaru.
 29999 | Elf:3    | Received a gift from Okawaru
 30136 | Elf:3    | Noticed a deep elf blademaster
 30174 | Elf:3    | Noticed an Executioner
 30552 | Elf:3    | Noticed a deep elf master archer
 30574 | Elf:3    | Killed a deep elf master archer
 30703 | Elf:3    | Killed a deep elf blademaster
 30722 | Elf:3    | Noticed a deep elf master archer
 30757 | Elf:3    | Killed a deep elf master archer
 30936 | Elf:3    | Reached XP level 17. HP: 105/138 MP: 14/20
 31065 | Elf:3    | Received a gift from Okawaru
 31099 | Elf:3    | Identified the amulet "Fuzirchoa" {Reflect Fragile rPois
                  | rN+ SH+4}
 31168 | Elf:3    | Identified the +7 rapier of Puevas {flame, rN+ MP+9 Str+5
                  | Stlth+}
 31168 | Elf:3    | Noticed a deep elf blademaster
 31189 | Elf:3    | Killed a deep elf blademaster
 31197 | Elf:3    | Reached skill level 5 in Invocations
 31303 | Elf:3    | Identified the +11 rapier of the Ship {distort, rN+ Stlth+}
 31303 | Elf:3    | Identified the ring of Kite {Wiz rC+ MR+}
 31304 | Elf:3    | Identified the +2 quarterstaff of Zagor {crush, rElec rF+++
                  | rC- Stlth+}
 31563 | Elf:3    | Reached skill level 15 in Shields
 31569 | Elf:3    | Noticed a Tzitzimitl
 31574 | Elf:3    | Noticed a Hell Sentinel
 31770 | Elf:3    | Cast into level 4 of the Abyss (a deep elf sorcerer)
 31911 | Abyss:4  | Noticed a lich
 31924 | Abyss:4  | Killed a lich
 31942 | Elf:3    | Escaped the Abyss
 32455 | Elf:3    | Received a gift from Okawaru
 32792 | Elf:3    | Identified the Guide on Harmful Poisoning
 32800 | Elf:3    | Got a pair of encrusted gloves
 32814 | Elf:3    | Got a shimmering plate armour
 32825 | Elf:3    | Identified the +1 pair of gloves "Jifuany" {rF+++ Int+8
                  | Dex-4} (You found it on level 3 of the Elven Halls)
 32836 | Elf:3    | Identified the +10 plate armour of Vyackoim {rC++ Str-3}
                  | (You found it on level 3 of the Elven Halls)
 33041 | Elf:3    | Killed a deep elf master archer
 33044 | Elf:3    | Killed a titan
 33378 | Elf:2    | Killed Pompelm0's ghost
 34109 | Lair:2   | Killed Buarolus's ghost
 34380 | D:14     | Killed Duffy's ghost
 34431 | Depths:1 | Entered Level 1 of the Depths
 34633 | Depths:1 | You fall through a shaft!
 34722 | Depths:2 | Gained mutation: When hurt, damage is shared between your
                  | health and your magic reserves. [demonic ancestry]
 34722 | Depths:2 | Reached XP level 18. HP: 82/148 MP: 10/22
 34735 | Depths:2 | Reached skill level 15 in Fighting
 34739 | Depths:2 | Received a gift from Okawaru
 35352 | Depths:1 | Found Lasomuri's Food Shop.
 35484 | Depths:1 | Received a gift from Okawaru
 35494 | Depths:1 | Identified the +5 scale mail of Vlad {rC+}
 35497 | Depths:1 | Found a one-way gate leading to the halls of Pandemonium.
 35631 | Depths:1 | Paralysed by an ogre mage for 2 turns
 36099 | Depths:2 | Found a gateway to a ziggurat.
 36126 | Depths:2 | Found Qyusod's Jewellery Shop.
 36130 | Depths:2 | Bought the ring "Afukuvor" {*Slow EV+5 Dex+8} for 1024 gold
                  | pieces
 36989 | Depths:2 | Received a gift from Okawaru
 36997 | Depths:2 | Found a runed door.
 37287 | Depths:2 | Found Qoosimua's Food Emporium.
 37321 | Depths:2 | Received a gift from Okawaru
 37414 | Depths:2 | Paralysed by a sphinx for 4 turns
 37559 | Depths:2 | Paralysed by a great orb of eyes for 4 turns
 37773 | Depths:2 | Found Xineetz's Magic Scroll Shoppe.
 38295 | Depths:2 | Found a runed door.
 38296 | Depths:2 | Found a runed door.
 38596 | Depths:2 | Received a gift from Okawaru
 38601 | Depths:2 | Got a brightly glowing broad axe {god gift}
 38602 | Depths:2 | Identified the +8 broad axe "Giocyahea" {venom, rPois MP+9
                  | Str+9 Int-2} (Okawaru gifted it to you on level 2 of the
                  | Depths)
 38713 | Depths:2 | Found a runed door.
 38718 | Depths:2 | Found a runed door.
 38796 | Depths:2 | Gained mutation: You are completely covered in thin
                  | metallic scales. (AC +4, rElec) [demonic ancestry]
 38796 | Depths:2 | Reached XP level 19. HP: 141/157 MP: 23/23
 38912 | Depths:2 | Identified the Papyrus of Enthralling Companions
 38938 | Depths:2 | Received a gift from Okawaru
 39591 | Depths:3 | Noticed a golden dragon
 39603 | Depths:3 | Noticed a juggernaut
 39614 | Depths:3 | Killed a juggernaut
 39614 | Depths:3 | Received a gift from Okawaru
 39695 | Depths:3 | Got a dazzling broad axe {god gift}
 39870 | Depths:3 | Identified the +9 broad axe "Giantslayer" {vamp, Str+4
                  | Int-2} (Okawaru gifted it to you on level 3 of the Depths)
 39914 | Depths:3 | Noticed a golden dragon
 39926 | Depths:3 | Killed a golden dragon
 40097 | Depths:3 | Received a gift from Okawaru
 40852 | Depths:3 | Identified the amulet "Rennies" {RegenMP Int+4 Dex+2}
 40940 | Depths:3 | Gained mutation: You regenerate magic rapidly. [demonic
                  | ancestry]
 40940 | Depths:3 | Reached XP level 20. HP: 165/167 MP: 25/25
 40946 | Depths:3 | Killed a golden dragon
 41033 | Depths:3 | Found a runed door.
 41243 | Depths:3 | Noticed a golden dragon
 41256 | Depths:3 | Killed a golden dragon
 41256 | Depths:3 | Received a gift from Okawaru
 41393 | Depths:3 | Noticed a golden dragon
 41404 | Depths:3 | Killed a golden dragon
 41444 | Depths:3 | Found a one-way gate to the infinite horrors of the Abyss.
 41487 | Depths:3 | Noticed a caustic shrike
 41497 | Depths:3 | Killed a caustic shrike
 41516 | Depths:3 | Identified the Catalogue of Poisonous Enhancements
 41643 | Depths:3 | Identified the ring "Nura" {rC+ SInv}
 41645 | Depths:3 | Noticed a golden dragon
 41717 | Depths:3 | Got a blackened hand axe
 41918 | Depths:4 | Noticed Motoh's ghost (veteran DsFi)
 41918 | Depths:4 | Noticed an ancient lich
 41967 | Depths:4 | Found a runed door.
 41983 | Depths:4 | Found a runed door.
 42175 | Depths:4 | Received a gift from Okawaru
 42190 | Depths:4 | Got an encrusted hand axe {god gift}
 42191 | Depths:4 | Identified the +1 hand axe of a bailey {drain, rF- rN++ MR+
                  | Dex+2} (Okawaru gifted it to you on level 4 of the Depths)
 42941 | Depths:4 | Paralysed by a lich for 4 turns
 43562 | Depths:4 | Killed Motoh's ghost
 43570 | Depths:4 | Killed an ancient lich
 43570 | Depths:4 | Received a gift from Okawaru
 44076 | Depths:4 | Gained mutation: Your flesh is cold resistant. (rC+)
                  | [demonic ancestry]
 44076 | Depths:4 | Reached XP level 21. HP: 176/176 MP: 26/26
 44099 | Depths:5 | Entered Level 5 of the Depths
 44129 | Depths:5 | Paralysed by a floating eye for 2 turns
 44138 | Depths:5 | Received a gift from Okawaru
 44139 | Depths:5 | Reached skill level 15 in Armour
 44252 | Depths:5 | Paralysed by a Zot trap for 2 turns
 44265 | Depths:5 | Found a gate to the Realm of Zot.
 44356 | Depths:5 | Paralysed by a floating eye for 2 turns
 44361 | Depths:5 | Received a gift from Okawaru
 44363 | Depths:5 | Paralysed by a floating eye for 2 turns
 44369 | Depths:5 | Got faintly glowing pearl dragon scales {god gift}
 44370 | Depths:5 | Paralysed by a floating eye for 3 turns
 44385 | Depths:5 | Paralysed by a floating eye for 2 turns
 44390 | Depths:5 | Paralysed by a floating eye for 4 turns
 44400 | Depths:5 | Paralysed by a floating eye for 3 turns
 44472 | Depths:5 | Got an ancient plate armour
 44541 | Depths:5 | Found a magical portal.
 44550 | WizLab   | Entered The Roulette of Golubria
 44550 | WizLab   | Found a transporter.
 44861 | WizLab   | Found a corrupted altar of Lugonu.
 44881 | WizLab   | Found a transporter.
 44910 | WizLab   | Found a transporter.
 44911 | WizLab   | Found a transporter.
 44957 | WizLab   | Found a transporter.
 44976 | WizLab   | Found a transporter.
 44997 | WizLab   | Identified the +4 pearl dragon scales of Okawaru's Reproof
                  | {rN+ MR++ Str+5} (Okawaru gifted it to you on level 5 of
                  | the Depths)
 45007 | WizLab   | Identified the +5 plate armour "Leybupt" {Regen+ Str+3}
                  | (You found it on level 5 of the Depths)
 45026 | WizLab   | Found a transporter.
 45077 | WizLab   | Found a transporter.
 45108 | WizLab   | Found a corrupted altar of Lugonu.
 45165 | WizLab   | Found a transporter.
 45235 | WizLab   | Found a transporter.
 45373 | WizLab   | Found a transporter.
 45373 | WizLab   | Found a transporter.
 45410 | WizLab   | Found the +1 cloak of Starlight {rElec rC+ EV+4 Stlth--}
 45410 | WizLab   | Found a transporter.
 45422 | WizLab   | Reached skill level 5 in Dodging
 45449 | WizLab   | Got a steaming cloak
 45455 | WizLab   | Got an encrusted cloak
 45461 | WizLab   | Identified Mikuag's Handbook of the Voyage
 45468 | WizLab   | Got a brightly glowing cloak
 45477 | WizLab   | Found a transporter.
 45493 | WizLab   | Found a transporter.
 45498 | WizLab   | Paralysed by accursed screaming for 1 turns
 45528 | WizLab   | Found a transporter.
 45528 | WizLab   | Found a transporter.
 45621 | WizLab   | Found a transporter.
 45671 | WizLab   | Found a transporter.
 45671 | WizLab   | Found a transporter.
 45754 | Depths:5 | Identified the +2 cloak of Naxeyl {rF+} (You found it in a
                  | wizard's laboratory)
 45764 | Depths:5 | Identified the +1 cloak of the Realm of Zot {rN+ Str+4}
                  | (You found it in a wizard's laboratory)
 45774 | Depths:5 | Identified the +2 cloak "Mifrell" {MR+ Regen+ Slay+3} (You
                  | found it in a wizard's laboratory)
 45827 | Depths:5 | Paralysed by a floating eye for 3 turns
 45846 | Depths:5 | Found a corrupted altar of Lugonu.
 46762 | Slime:1  | Entered Level 1 of the Pits of Slime
 46804 | Slime:1  | Gained mutation: You are dopey. (Int -2) [a shining eye]
 47157 | Slime:5  | Entered Level 5 of the Pits of Slime
 47173 | Slime:5  | Gained mutation: You are occasionally teleported next to
                  | monsters. [a shining eye]
 47181 | Slime:5  | Received a gift from Okawaru
 47264 | Slime:5  | Gained mutation: You are immune to freezing clouds.
                  | [demonic ancestry]
 47264 | Slime:5  | Reached XP level 22. HP: 179/186 MP: 27/27
 47337 | Slime:5  | Gained mutation: Your body sometimes deteriorates upon
                  | taking damage. [a shining eye]
 47339 | Slime:5  | Gained mutation: You are sometimes teleported next to
                  | monsters. [a shining eye]
 47397 | Slime:5  | Noticed the Royal Jelly
 47412 | Slime:5  | Killed the Royal Jelly
 47577 | Slime:5  | Found the cursed necklace of Bloodlust {*Rage +Rage MR++
                  | Int-3 Slay+6 *Curse}
 47591 | Slime:5  | Got a slimy rune of Zot
 47708 | Slime:3  | Gained mutation: Armour fits poorly on your strangely
                  | shaped body. [a shining eye]
 47760 | Lair:5   | Lost mutation: Armour fits poorly on your strangely shaped
                  | body. [potion of mutation]
 47760 | Lair:5   | Lost mutation: Your body sometimes deteriorates upon taking
                  | damage. [potion of mutation]
 47760 | Lair:5   | Gained mutation: You are frail. (-10% HP) [potion of
                  | mutation]
 47760 | Lair:5   | Lost mutation: You are sometimes teleported next to
                  | monsters. [potion of mutation]
 47760 | Lair:5   | Gained mutation: You have large cloven feet. [potion of
                  | mutation]
 47760 | Lair:5   | Gained mutation: You passively map a small area around you.
                  | [potion of mutation]
 47761 | Lair:5   | Lost mutation: You are frail. (-10% HP) [potion of
                  | mutation]
 47761 | Lair:5   | Lost mutation: You are occasionally teleported next to
                  | monsters. [potion of mutation]
 47761 | Lair:5   | Lost mutation: You are dopey. (Int -2) [potion of mutation]
 47761 | Lair:5   | Gained mutation: You are clumsy. (Dex -2) [potion of
                  | mutation]
 47761 | Lair:5   | Gained mutation: Your body sometimes deteriorates upon
                  | taking damage. [potion of mutation]
 47761 | Lair:5   | Gained mutation: Your system is resistant to poisons.
                  | (rPois) [potion of mutation]
 47761 | Lair:5   | Gained mutation: You are resistant to hostile enchantments.
                  | (MR+) [potion of mutation]
 47762 | Lair:5   | Lost mutation: You have large cloven feet. [potion of
                  | mutation]
 47762 | Lair:5   | Lost mutation: You are resistant to hostile enchantments.
                  | (MR+) [potion of mutation]
 47762 | Lair:5   | Lost mutation: Your system is resistant to poisons. (rPois)
                  | [potion of mutation]
 47762 | Lair:5   | Lost mutation: Your body sometimes deteriorates upon taking
                  | damage. [potion of mutation]
 47762 | Lair:5   | Gained mutation: You are frail. (-10% HP) [potion of
                  | mutation]
 47762 | Lair:5   | Gained mutation: Your mind is acute. (Int +2) [potion of
                  | mutation]
 47763 | Lair:5   | Lost mutation: You are clumsy. (Dex -2) [potion of
                  | mutation]
 47763 | Lair:5   | Lost mutation: You are frail. (-10% HP) [potion of
                  | mutation]
 47763 | Lair:5   | Lost mutation: Your mind is acute. (Int +2) [potion of
                  | mutation]
 47763 | Lair:5   | Gained mutation: You are robust. (+10% HP) [potion of
                  | mutation]
 47763 | Lair:5   | Gained mutation: You have an increased reservoir of magic.
                  | (+10% MP) [potion of mutation]
 47763 | Lair:5   | Gained mutation: Your flesh is heat resistant. (rF+)
                  | [potion of mutation]
 47847 | Shoals:1 | Entered Level 1 of the Shoals
 47867 | Shoals:1 | Found a frozen archway.
 47993 | IceCv    | Entered an ice cave
 48104 | IceCv    | Got a clouded pewter ring
 48119 | IceCv    | Identified the ring of Secrets {rPois Int+2 SInv} (You
                  | found it in an ice cave)
 48209 | Shoals:1 | Noticed Louise
 48226 | Shoals:1 | Killed Louise
 48865 | Shoals:2 | Noticed Ilsuiw
 48870 | Shoals:2 | Received a gift from Okawaru
 48889 | Shoals:2 | Killed Ilsuiw
 50169 | Shoals:4 | Entered Level 4 of the Shoals
 50353 | Shoals:4 | Found Evoschar's Jewellery Shoppe.
 50458 | Shoals:4 | Bought the ring "Suigaygg" {rPois rC+ rN++ Str+3} for 621
                  | gold pieces
 50698 | Shoals:4 | Gained mutation: When low on magic, you restore magic in
                  | place of health. [demonic ancestry]
 50698 | Shoals:4 | Reached XP level 23. HP: 215/215 MP: 31/31
 50781 | Shoals:4 | Identified the Volume of the Traveller
 51062 | Shoals:4 | Got a barnacled rune of Zot
 51221 | Spider:1 | Entered Level 1 of the Spider Nest
 51449 | Spider:1 | Received a gift from Okawaru
 51626 | Spider:1 | Noticed Rupert
 51636 | Spider:1 | Killed Rupert
 52011 | Spider:2 | Noticed Kirke
 52019 | Spider:2 | Killed Kirke
 52042 | Spider:2 | Reached skill level 5 in Stealth
 52060 | Spider:2 | Got a transparent buckler
 52071 | Spider:2 | Identified the +1 buckler "Kannukem" {rC+} (You found it on
                  | level 2 of the Spider Nest)
 52108 | Spider:2 | Noticed Arachne
 52120 | Spider:2 | Killed Arachne
 53278 | Spider:4 | Entered Level 4 of the Spider Nest
 53769 | Spider:4 | Got a gossamer rune of Zot
 54265 | Vaults:1 | Entered Level 1 of the Vaults
 54529 | Vaults:1 | Received a gift from Okawaru
 54539 | Vaults:1 | Got a dazzling chain mail {god gift}
 54550 | Vaults:1 | Identified the +0 chain mail of the Peasants {rElec rN+++
                  | Str-3 Dex-5} (Okawaru gifted it to you on level 1 of the
                  | Vaults)
 54816 | Vaults:1 | Noticed Asterion
 54825 | Vaults:1 | Killed Asterion
 55047 | Vaults:1 | Reached XP level 24. HP: 226/226 MP: 31/31
 55624 | Vaults:2 | Found a roughly hewn altar of Beogh.
 55692 | Vaults:2 | Noticed Boris
 55702 | Vaults:2 | Killed Boris
 55802 | Vaults:2 | Received a gift from Okawaru
 55926 | Vaults:2 | Noticed Nikola
 55934 | Vaults:2 | Killed Nikola
 56225 | Vaults:2 | Found a staircase to the Crypt.
 56225 | Vaults:2 | Found an ancient bone altar of Kikubaaqudgha.
 56227 | Vaults:2 | Found a basalt altar of Yredelemnul.
 56384 | Vaults:2 | Found Jusch's Distillery.
 56536 | Vaults:3 | Received a gift from Okawaru
 57579 | Vaults:3 | Found a shimmering altar of Xom.
 58042 | Vaults:4 | Reached XP level 25. HP: 208/237 MP: 31/31
 58072 | Vaults:4 | Noticed Jory
 58079 | Vaults:4 | Killed Jory
 58098 | Vaults:4 | Noticed Margery
 58109 | Vaults:4 | Killed Margery
 58155 | Vaults:4 | Noticed Boris
 58173 | Vaults:4 | Killed Boris
 58173 | Vaults:4 | Received a gift from Okawaru
 58182 | Vaults:4 | Got a pitted shield {god gift}
 58200 | Vaults:4 | Identified the +0 shield of Dramatic Exits {rC+ Int+3}
                  | (Okawaru gifted it to you on level 4 of the Vaults)
 58747 | Vaults:4 | Noticed Frederick
 58752 | Vaults:4 | Killed Frederick
 59068 | Vaults:5 | Entered Level 5 of the Vaults
 59151 | Vaults:5 | Identified the +7 flail "Exanlikk" {flame, Str+4 Dex+4}
 59562 | Vaults:5 | Received a gift from Okawaru
 59579 | Vaults:5 | Got a pitted hand axe {god gift}
 59580 | Vaults:5 | Identified the +5 hand axe of Obrecaco {flame, rPois rF+
                  | Str-4} (Okawaru gifted it to you on level 5 of the Vaults)
 59620 | Vaults:5 | Identified the +0 war axe "Ceeceyl" {antimagic, rPois}
 59907 | Vaults:5 | Reached XP level 26. HP: 244/249 MP: 32/32
 60003 | Vaults:5 | Identified the +5 scimitar of Emid {freeze, rPois rF+}
 60047 | Vaults:5 | Got a silver rune of Zot
 60099 | Vaults:5 | Received a gift from Okawaru
 60323 | Vaults:5 | Identified the +8 hand axe "Tapsei" {chop, +Blink Stlth+}
 60377 | Vaults:5 | Found Wiumm's Antique Weapon Shop.
 60545 | Vaults:5 | Identified the ring of Lavagg {Fire Int+2}
 61003 | Crypt:1  | Entered Level 1 of the Crypt
 61675 | Crypt:1  | Noticed Donald
 61681 | Crypt:1  | Killed Donald
 62072 | Crypt:2  | Noticed Mara
 62080 | Crypt:2  | Noticed galech's illusion
 62082 | Crypt:2  | Killed Mara
 62421 | Crypt:3  | Entered Level 3 of the Crypt
 62423 | Crypt:3  | Received a gift from Okawaru
 62544 | Crypt:3  | Reached skill level 10 in Dodging
 62708 | Crypt:3  | Noticed an ancient lich
 62709 | Crypt:3  | Found a shimmering altar of Xom.
 62716 | Crypt:3  | Killed an ancient lich
 62759 | Crypt:3  | Identified Toih's Early Guide to Sorcery
 62900 | Crypt:3  | Received a gift from Okawaru
 63148 | Crypt:3  | Gained mutation: A frigid envelope surrounds you and
                  | freezes all who hurt you. [demonic ancestry]
 63148 | Crypt:3  | Reached XP level 27. HP: 260/260 MP: 32/32
 63186 | Crypt:3  | Found a staircase to the Tomb.
 63420 | Tomb:1   | Entered Level 1 of the Tomb of the Ancients
 63757 | Tomb:1   | Noticed a greater mummy
 63759 | Tomb:1   | Noticed a greater mummy
 63759 | Tomb:1   | Noticed a greater mummy
 63798 | Tomb:1   | Killed a greater mummy
 63799 | Tomb:1   | Killed a greater mummy
 63804 | Tomb:1   | Killed a greater mummy
 63804 | Tomb:1   | Received a gift from Okawaru
 64551 | Tomb:2   | Noticed Mennas
 64553 | Tomb:2   | Noticed a greater mummy
 64555 | Tomb:2   | Noticed a greater mummy
 64555 | Tomb:2   | Noticed a greater mummy
 64999 | Tomb:2   | Noticed a greater mummy
 64999 | Tomb:2   | Noticed a greater mummy
 64999 | Tomb:2   | Noticed a greater mummy
 64999 | Tomb:2   | Noticed a greater mummy
 65004 | Tomb:2   | Killed a greater mummy
 65101 | Tomb:3   | Entered Level 3 of the Tomb of the Ancients
 65120 | Tomb:3   | Found the +5 robe of Misfortune {*Contam Harm *Corrode
                  | *Drain *Slow EV+5}
 65147 | Tomb:3   | Noticed a greater mummy
 65147 | Tomb:3   | Noticed a greater mummy
 65167 | Tomb:3   | Noticed a greater mummy
 65167 | Tomb:3   | Noticed a greater mummy
 65172 | Tomb:3   | Noticed a greater mummy
 65218 | Tomb:3   | Noticed a greater mummy
 65272 | Tomb:3   | Noticed a greater mummy
 65287 | Tomb:3   | Killed a greater mummy
 65300 | Tomb:3   | Killed a greater mummy
 65340 | Tomb:3   | Killed a greater mummy
 65341 | Tomb:3   | Noticed an ancient lich
 65415 | Tomb:3   | Noticed a greater mummy
 65419 | Tomb:3   | Killed an ancient lich
 65426 | Tomb:3   | Killed a greater mummy
 65747 | Tomb:3   | Killed a greater mummy
 65766 | Tomb:3   | Killed a greater mummy
 65863 | Tomb:3   | Killed a greater mummy
 65870 | Tomb:3   | Killed a greater mummy
 65870 | Tomb:3   | Received a gift from Okawaru
 66198 | Tomb:3   | Lost intelligence.
 66247 | Tomb:3   | Got a coiled jade ring
 66251 | Tomb:3   | Got a serpentine bronze ring
 66268 | Tomb:3   | Identified the Guide on Conjuration and the Traveller
 66320 | Tomb:3   | Identified Dispater's Papyrus of Calling
 66386 | Tomb:3   | Identified the ring of Music {Str+8 Dex+3} (You found it on
                  | level 3 of the Tomb of the Ancients)
 66387 | Tomb:3   | Identified the ring "Atanac" {rF+ rC- MR++ AC+3 Str+2} (You
                  | found it on level 3 of the Tomb of the Ancients)
 66388 | Tomb:3   | Identified the +3 plate armour of the Land of Plenty {rF-
                  | rC+++ rN++ Str-5} (You found it on level 3 of the Tomb of
                  | the Ancients)
 66636 | Tomb:3   | Got a golden rune of Zot
 66776 | Tomb:2   | Noticed Khufu
 67139 | Tomb:2   | Killed a greater mummy
 67143 | Tomb:2   | Killed a greater mummy
 67144 | Tomb:2   | Killed a greater mummy
 67144 | Tomb:2   | Reached skill level 10 in Invocations
 67178 | Tomb:2   | Killed Mennas
 67199 | Tomb:2   | Killed a greater mummy
 67237 | Tomb:2   | Killed a greater mummy
 67540 | Tomb:2   | Killed a greater mummy
 67737 | Tomb:2   | Killed Khufu
 68207 | Hell     | Entered the Vestibule of Hell
 68207 | Hell     | Noticed Geryon
 68222 | Hell     | Killed Geryon
 68243 | Hell     | Received a gift from Okawaru
 68253 | Hell     | Got a pitted hand axe {god gift}
 68254 | Hell     | Identified the +10 hand axe "Kexinn" {protect, rPois MR-
                  | Str+2 Int+4} (Okawaru gifted it to you in the Vestibule of
                  | Hell)
 68345 | Hell     | Found a gateway to the ashen valley of Gehenna.
 68438 | Hell     | Noticed Murray
 68460 | Hell     | Killed Murray
 68521 | Hell     | Found a gateway to the decaying netherworld of Tartarus.
 68595 | Hell     | Found a gateway to the Iron City of Dis.
 68643 | Hell     | Found a gateway to the freezing wastes of Cocytus.
 68775 | Dis:1    | Entered Level 1 of the Iron City of Dis
 69216 | Dis:4    | You fall through a shaft for 2 floors!
 69241 | Dis:6    | Received a gift from Okawaru
 69378 | Dis:7    | Entered Level 7 of the Iron City of Dis
 69898 | Dis:7    | Received a gift from Okawaru
 69901 | Dis:7    | Got an iridescent hand axe {god gift}
 69902 | Dis:7    | Identified the +3 hand axe "Zufeeqej" {pain, +Fly Str-4
                  | Dex+4} (Okawaru gifted it to you on level 7 of the Iron
                  | City of Dis)
 69991 | Dis:7    | Gained mutation: Your body sometimes deteriorates upon
                  | taking damage. [mutagenic glow]
 70332 | Dis:7    | Identified the +4 staff of Dispater
 70332 | Dis:7    | Noticed Dispater
 70357 | Dis:7    | Killed Dispater
 70388 | Dis:7    | Got an iron rune of Zot
 70826 | Dis:7    | Identified Foet's Almanac of Evil and Translocation
 70870 | Dis:7    | Received a gift from Okawaru
 71078 | Dis:7    | Found the +2 ratskin cloak {+Rats rPois rN+ Str-1 Int-1
                  | Dex+1}
 71720 | Dis:7    | Received a gift from Okawaru
 71925 | Geh:1    | Entered Level 1 of Gehenna
 72825 | Geh:5    | Noticed an ancient lich
 72835 | Geh:5    | Killed an ancient lich
 72835 | Geh:5    | Received a gift from Okawaru
 72927 | Geh:5    | Reached skill level 27 in Fighting
 72957 | Geh:7    | Entered Level 7 of Gehenna
 72971 | Geh:7    | Received a gift from Okawaru
 73015 | Geh:7    | Identified the +2 pair of gloves of the Sky {rF+ rN+ Regen+
                  | Int-4} (Okawaru gifted it to you on level 7 of Gehenna)
 73750 | Geh:7    | Found the +7 great mace "Firestarter" {inner flame, rF++}
 74201 | Geh:7    | Identified the +7 sceptre of Asmodeus
 74201 | Geh:7    | Noticed Asmodeus
 74223 | Geh:7    | Killed Asmodeus
 74241 | Geh:7    | Got an obsidian rune of Zot
 74340 | Geh:7    | Received a gift from Okawaru
 74360 | Geh:7    | Identified the ring of the Disturbing Beggars {*Tele rF+
                  | MR+}
 74565 | Coc:1    | Entered Level 1 of Cocytus
 75141 | Coc:7    | Entered Level 7 of Cocytus
 75400 | Coc:7    | Reached skill level 27 in Axes
 76066 | Coc:7    | Received a gift from Okawaru
 76070 | Coc:7    | Got a pair of pitted gloves {god gift}
 76081 | Coc:7    | Identified the +3 pair of gloves "Poboomn" {Str+8} (Okawaru
                  | gifted it to you on level 7 of Cocytus)
 76559 | Coc:7    | Reached skill level 10 in Stealth
 76585 | Coc:7    | Noticed Antaeus
 76605 | Coc:7    | Killed Antaeus
 76642 | Coc:7    | Got an icy rune of Zot
 77262 | Tar:1    | Entered Level 1 of Tartarus
 77275 | Tar:1    | Received a gift from Okawaru
 77888 | Tar:7    | Entered Level 7 of Tartarus
 77921 | Tar:7    | Lost intelligence.
 78311 | Tar:7    | Noticed the Serpent of Hell
 78323 | Tar:7    | Noticed Ereshkigal
 78335 | Tar:7    | Killed the Serpent of Hell
 78335 | Tar:7    | Reached skill level 15 in Dodging
 78351 | Tar:7    | Killed Ereshkigal
 78351 | Tar:7    | Reached skill level 27 in Shields
 78359 | Tar:7    | Received a gift from Okawaru
 78560 | Tar:7    | Gained mutation: Scrolls take you a little longer to read.
                  | [mutagenic glow]
 78657 | Tar:7    | Gained mutation: You occasionally shout uncontrollably at
                  | your foes. [mutagenic glow]
 78685 | Tar:7    | Lost mutation: You are robust. (+10% HP) [mutagenic glow]
 78712 | Tar:7    | Received a gift from Okawaru
 78719 | Tar:7    | Got an iridescent broad axe {god gift}
 78725 | Tar:7    | Identified the +9 broad axe "Tiask" {chop, Dex+3} (Okawaru
                  | gifted it to you on level 7 of Tartarus)
 78859 | Tar:7    | Gained mutation: Your body often deteriorates upon taking
                  | damage. [mutagenic glow]
 78930 | Tar:7    | Gained mutation: Your spells are a little easier to cast,
                  | but a little less powerful. [mutagenic glow]
 79151 | Tar:7    | Found the +3 giant club "Skullcrusher" {speed, Str+7}
 79842 | Tar:7    | Received a gift from Okawaru
 79880 | Tar:7    | Got a bone rune of Zot
 80247 | Depths:5 | Voluntarily entered the Abyss.
 80596 | Abyss:2  | Reached skill level 15 in Invocations
 81000 | Abyss:3  | Found a corrupted altar of Lugonu.
 81777 | Abyss:3  | Found a burning altar of Makhleb.
 81908 | Abyss:3  | Reached skill level 15 in Stealth
 81955 | Abyss:3  | Found a corrupted altar of Lugonu.
 82031 | Abyss:3  | Found a corrupted altar of Lugonu.
 82060 | Abyss:3  | Identified the Handbook of the Voyage
 82241 | Abyss:4  | Found a corrupted altar of Lugonu.
 82243 | Abyss:5  | Entered Level 5 of the Abyss
 82336 | Abyss:5  | Got an abyssal rune of Zot
 82463 | Depths:5 | Escaped the Abyss
 82466 | Depths:5 | Upgraded the game from 0.23-a0-577-g2b1de94 to
                  | 0.23-a0-584-g44dd78f
 82533 | Pan      | Entered Pandemonium
 82535 | Pan      | Got a twisted cloak
 82544 | Pan      | Received a gift from Okawaru
 82565 | Pan      | Identified the +1 cloak "Jusan" {Int+2 SInv} (You found it
                  | in Pandemonium)
 82723 | Pan      | Noticed Hafujink the pandemonium lord
 82960 | Pan      | Found a runed door.
 82980 | Pan      | Got a demonic rune of Zot
 83082 | Pan      | Found an exit through the horrors of the Abyss.
 83296 | Pan      | Found a runed door.
 83327 | Pan      | Found a runed door.
 83354 | Pan      | Gained mutation: You are weak. (Str -2) [a neqoxec]
 83385 | Pan      | Found a runed door.
 83388 | Pan      | Noticed Myliblec the pandemonium lord
 83405 | Pan      | Killed Myliblec the pandemonium lord
 83480 | Pan      | Found a runed door.
 83599 | Pan      | Gained mutation: You are frail. (-10% HP) [a cacodemon]
 84009 | Pan      | Gained mutation: You tend to lose your temper in combat. [a
                  | neqoxec]
 84033 | Pan      | Gained mutation: You sometimes yell uncontrollably at your
                  | foes. [a neqoxec]
 84245 | Pan      | Noticed Jenuogau the pandemonium lord
 84258 | Pan      | Killed Jenuogau the pandemonium lord
 84298 | Pan      | Received a gift from Okawaru
 84611 | Pan      | Gained mutation: You are dopey. (Int -2) [a cacodemon]
 84647 | Pan      | Noticed Nogis the pandemonium lord
 84656 | Pan      | Killed Nogis the pandemonium lord
 84917 | Pan      | Found an exit through the horrors of the Abyss.
 85000 | Pan      | Gained mutation: Armour fits poorly on your strangely
                  | shaped body. [a neqoxec]
 85245 | Pan      | Lost intelligence.
 85246 | Pan      | Noticed Tietsyir the pandemonium lord
 85269 | Pan      | Killed Tietsyir the pandemonium lord
 85418 | Pan      | Lost mutation: You are weak. (Str -2) [potion of mutation]
 85418 | Pan      | Lost mutation: You tend to lose your temper in combat.
                  | [potion of mutation]
 85418 | Pan      | Lost mutation: Your body often deteriorates upon taking
                  | damage. [potion of mutation]
 85418 | Pan      | Lost mutation: Your flesh is heat resistant. (rF+) [potion
                  | of mutation]
 85418 | Pan      | Gained mutation: You are very frail. (-20% HP) [potion of
                  | mutation]
 85418 | Pan      | Gained mutation: Your flesh is heat resistant. (rF+)
                  | [potion of mutation]
 85419 | Pan      | Lost mutation: Armour fits poorly on your strangely shaped
                  | body. [potion of mutation]
 85419 | Pan      | Lost mutation: Your flesh is heat resistant. (rF+) [potion
                  | of mutation]
 85419 | Pan      | Gained mutation: You tend to lose your temper in combat.
                  | [potion of mutation]
 85419 | Pan      | Gained mutation: Your system is resistant to poisons.
                  | (rPois) [potion of mutation]
 85420 | Pan      | Lost mutation: You are dopey. (Int -2) [potion of mutation]
 85420 | Pan      | Lost mutation: Your spells are a little easier to cast, but
                  | a little less powerful. [potion of mutation]
 85420 | Pan      | Lost mutation: Scrolls take you a little longer to read.
                  | [potion of mutation]
 85420 | Pan      | Gained mutation: You passively map the area around you.
                  | [potion of mutation]
 85420 | Pan      | Gained mutation: You are resistant to hostile enchantments.
                  | (MR+) [potion of mutation]
 85421 | Pan      | Lost mutation: Your system is resistant to poisons. (rPois)
                  | [potion of mutation]
 85421 | Pan      | Lost mutation: Your body sometimes deteriorates upon taking
                  | damage. [potion of mutation]
 85421 | Pan      | Lost mutation: You are very frail. (-20% HP) [potion of
                  | mutation]
 85421 | Pan      | Lost mutation: You tend to lose your temper in combat.
                  | [potion of mutation]
 85421 | Pan      | Gained mutation: You are dopey. (Int -2) [potion of
                  | mutation]
 85421 | Pan      | Gained mutation: You are occasionally teleported next to
                  | monsters. [potion of mutation]
 85421 | Pan      | Lost mutation: You are dopey. (Int -2) [potion of mutation]
 85422 | Pan      | Lost mutation: You have an increased reservoir of magic.
                  | (+10% MP) [potion of mutation]
 85422 | Pan      | Lost mutation: You are resistant to hostile enchantments.
                  | (MR+) [potion of mutation]
 85422 | Pan      | Lost mutation: You passively map the area around you.
                  | [potion of mutation]
 85422 | Pan      | Lost mutation: You are occasionally teleported next to
                  | monsters. [potion of mutation]
 85422 | Pan      | Lost mutation: You are frail. (-10% HP) [potion of
                  | mutation]
 85422 | Pan      | Gained mutation: You are resistant to hostile enchantments.
                  | (MR+) [potion of mutation]
 85894 | Pan      | Gained mutation: Your spells are a little easier to cast,
                  | but a little less powerful. [a cacodemon]
 86160 | Pan      | Gained mutation: You frequently scream uncontrollably at
                  | your foes. [a cacodemon]
 86160 | Pan      | Noticed Pypineida the pandemonium lord
 86170 | Pan      | Killed Pypineida the pandemonium lord
 86191 | Pan      | Received a gift from Okawaru
 86354 | Pan      | Gained mutation: Your magical capacity is low. (-10% MP) [a
                  | neqoxec]
 86500 | Pan      | Found an exit through the horrors of the Abyss.
 86579 | Pan      | Gained mutation: Potions are less effective at restoring
                  | your health. [a cacodemon]
 86582 | Pan      | Gained mutation: Armour fits poorly on your strangely
                  | shaped body. [a cacodemon]
 86588 | Pan      | Gained mutation: You are dopey. (Int -2) [a cacodemon]
 86872 | Pan      | Noticed Qohulih the pandemonium lord
 86891 | Pan      | Killed Qohulih the pandemonium lord
 86894 | Pan      | Gained mutation: Scrolls take you a little longer to read.
                  | [a cacodemon]
 87642 | Pan      | Found a huge runed gate.
 87668 | Pan      | Noticed Ari Guho the pandemonium lord
 87690 | Pan      | Killed Ari Guho the pandemonium lord
 88063 | Pan      | Received a gift from Okawaru
 88608 | Pan      | Found a runed door.
 88666 | Pan      | Noticed Zamitsud the pandemonium lord
 88676 | Pan      | Killed Zamitsud the pandemonium lord
 89343 | Pan      | Entered the realm of Cerebov.
 89400 | Pan      | Found an exit through the horrors of the Abyss.
 90150 | Pan      | Identified the amulet "Zohug" {Reflect Dex+7 SH+3}
 90154 | Pan      | Identified the amulet of the Lonely Realms {Gourm *Drain
                  | Str+2 Dex+2}
 90159 | Pan      | Identified the +6 sword of Cerebov {flame}
 90159 | Pan      | Noticed Cerebov
 90454 | Pan      | Killed Cerebov
 90474 | Pan      | Received a gift from Okawaru
 90480 | Pan      | Got a glittering garnet amulet
 90496 | Pan      | Got a shimmering tin ring
 90565 | Pan      | Identified the amulet of Gozag's Brutal Revenge {Inacc
                  | -Tele rPois rC+++ Dex-4} (You found it in Pandemonium)
 90597 | Pan      | Identified the ring of Gomammoi {+Inv rPois rN+ Int+2} (You
                  | found it in Pandemonium)
 90677 | Pan      | Got a steaming glass ring
 90679 | Pan      | Got a scintillating amber ring
 90684 | Pan      | Identified the ring "Woaga" {*Tele rElec} (You found it in
                  | Pandemonium)
 90686 | Pan      | Identified the ring of Wipofo {Wiz *Drain rN++} (You found
                  | it in Pandemonium)
 90736 | Pan      | Identified Rolialoc's Tome of Creation
 90762 | Pan      | Got a coiled platinum ring
 90778 | Pan      | Identified the ring "Upued" {rElec rF- Str+4 Int+3 Dex+3}
                  | (You found it in Pandemonium)
 90834 | Pan      | Got a fiery rune of Zot
 90941 | Pan      | Entered the realm of Gloorx Vloq.
 91300 | Pan      | Received a gift from Okawaru
 91437 | Pan      | Noticed Gloorx Vloq
 91467 | Pan      | Killed Gloorx Vloq
 91492 | Pan      | Got a dark rune of Zot
 91725 | Pan      | Found a runed door.
 91980 | Pan      | Paralysed by you for 6 turns
 92468 | Pan      | Noticed Veast the pandemonium lord
 92474 | Pan      | Killed Veast the pandemonium lord
 93768 | Pan      | Received a gift from Okawaru
 94060 | Pan      | Noticed Jebluep the pandemonium lord
 94083 | Pan      | Killed Jebluep the pandemonium lord
 94118 | Pan      | Entered the realm of Mnoleg.
 94119 | Pan      | Gained mutation: You are weak. (Str -2) [a neqoxec]
 94119 | Pan      | Gained mutation: You are very dopey. (Int -4) [a cacodemon]
 94122 | Pan      | Gained mutation: Potions are poor at restoring your health.
                  | [a neqoxec]
 94143 | Pan      | Gained mutation: You tend to lose your temper in combat. [a
                  | cacodemon]
 94146 | Pan      | Lost mutation: Your magical capacity is low. (-10% MP) [a
                  | cacodemon]
 94160 | Pan      | Lost mutation: You are weak. (Str -2) [a cacodemon]
 94170 | Pan      | Noticed Mnoleg
 94176 | Pan      | Lost intelligence.
 94189 | Pan      | Killed Mnoleg
 94190 | Pan      | Gained mutation: Your spells are easier to cast, but less
                  | powerful. [a cacodemon]
 94193 | Pan      | Gained mutation: You are clumsy. (Dex -2) [a neqoxec]
 94195 | Pan      | Gained mutation: Your body sometimes deteriorates upon
                  | taking damage. [a neqoxec]
 94377 | Pan      | Gained mutation: Scrolls take you longer to read. [a
                  | neqoxec]
 94399 | Pan      | Lost mutation: You are very dopey. (Int -4) [a cacodemon]
 94642 | Pan      | Got a glowing rune of Zot
 94810 | Pan      | Received a gift from Okawaru
 94962 | Pan      | Entered the realm of Lom Lobon.
 94965 | Pan      | Noticed Lom Lobon
 95470 | Pan      | Reached skill level 1 in Evocations
 95549 | Pan      | Received a gift from Okawaru
 96105 | Pan      | Killed Lom Lobon
 96142 | Pan      | Got a magical rune of Zot
 96501 | Pan      | Found an exit through the horrors of the Abyss.
 96775 | Pan      | Took an exit into the Abyss.
 96775 | Abyss:1  | Escaped into the Abyss
 96789 | Abyss:1  | Noticed an ancient lich
 96803 | Abyss:1  | Killed an ancient lich
 96851 | Depths:4 | Escaped the Abyss
 96932 | Zig:1    | Entered Level 1 of a ziggurat
 96958 | Zig:2    | Entered Level 2 of a ziggurat
 96989 | Zig:3    | Entered Level 3 of a ziggurat
 97020 | Zig:4    | Entered Level 4 of a ziggurat
 97044 | Zig:5    | Entered Level 5 of a ziggurat
 97072 | Zig:5    | Identified the ring "Gienipt" {*Drain rC+ MR+ Str+3 Stlth+}
                  | (You found it on level 5 of a ziggurat)
 97096 | Zig:6    | Entered Level 6 of a ziggurat
 97171 | Zig:7    | Entered Level 7 of a ziggurat
 97176 | Zig:7    | Found the +5 scythe "Finisher" {speed, eviscerate}
 97265 | Zig:8    | Entered Level 8 of a ziggurat
 97272 | Zig:8    | Found the +0 Maxwell's etheric cage {RegenMP+ *Contam rElec
                  | MP+4}
 97299 | Zig:8    | Got a flickering steel ring
 97305 | Zig:8    | Got a sparkling garnet amulet
 97317 | Zig:8    | Identified the ring "Taleyp" {Fire rPois Str+4} (You found
                  | it on level 8 of a ziggurat)
 97319 | Zig:8    | Identified the amulet "Kamnuelo" {+Rage rElec Str+4 Slay+2}
                  | (You found it on level 8 of a ziggurat)
 97330 | Zig:9    | Entered Level 9 of a ziggurat
 97348 | Zig:9    | Received a gift from Okawaru
 97398 | Zig:9    | Reached skill level 1 in Long Blades
 97398 | Zig:9    | Reached skill level 1 in Throwing
 97398 | Zig:9    | Reached skill level 1 in Unarmed Combat
 97398 | Zig:9    | Reached skill level 1 in Spellcasting
 97890 | Zig:10   | Entered Level 10 of a ziggurat
 97944 | Zig:11   | Entered Level 11 of a ziggurat
 98008 | Zig:11   | Identified Rarryl's Incunabulum of Enchantment and Cold
 98035 | Zig:11   | Got a coiled bronze ring
 98038 | Zig:11   | Identified the ring of the Tortoise {+Fly rF+ Slay+2} (You
                  | found it on level 11 of a ziggurat)
 98044 | Zig:11   | Lost mutation: Scrolls take you longer to read. [potion of
                  | mutation]
 98044 | Zig:11   | Lost mutation: You are dopey. (Int -2) [potion of mutation]
 98044 | Zig:11   | Lost mutation: You tend to lose your temper in combat.
                  | [potion of mutation]
 98048 | Zig:12   | Entered Level 12 of a ziggurat
 98079 | Zig:12   | Found the +27 Lear's hauberk
 98098 | Zig:12   | Received a gift from Okawaru
 98099 | Zig:12   | Found the +10 large shield of Ignorance {rN+ Int-4}
 98203 | Zig:13   | Entered Level 13 of a ziggurat
 98214 | Zig:13   | Lost intelligence.
 98693 | Zig:14   | Entered Level 14 of a ziggurat
 98713 | Zig:14   | Noticed a greater mummy
 98716 | Zig:14   | Noticed a greater mummy
 98723 | Zig:14   | Noticed a greater mummy
 98732 | Zig:14   | Killed a greater mummy
 98748 | Zig:14   | Killed a greater mummy
 98750 | Zig:14   | HP: 13/373 [greater mummy/divine providence (8)]
 98759 | Zig:14   | HP: 7/373 [greater mummy/divine providence (6)]
 98760 | Zig:14   | Killed a greater mummy
 99321 | Zig:14   | Identified Etyreif's Almanac of Hedonism
 99334 | Zig:15   | Entered Level 15 of a ziggurat
 99342 | Zig:15   | Noticed a greater mummy
 99342 | Zig:15   | Noticed a greater mummy
 99342 | Zig:15   | Noticed a greater mummy
 99344 | Zig:15   | Noticed a greater mummy
 99345 | Zig:15   | Lost intelligence.
 99346 | Zig:15   | Noticed a greater mummy
 99348 | Zig:15   | Noticed a greater mummy
 99348 | Zig:15   | Noticed a greater mummy
 99356 | Zig:15   | Killed a greater mummy
 99367 | Zig:15   | HP: 17/373 [greater mummy/divine providence (10)]
 99368 | Zig:15   | HP: 8/373 [greater mummy/divine providence (9)]
 99369 | Zig:15   | Killed a greater mummy
 99372 | Zig:15   | Killed by a guardian mummy's death curse

Vault maps used:
D:1:      minmay_arrival_shattered_statue, lexackson_kobold_supper
D:2:      fiery_altar_vehumet, nicolae_overflow_hidden_temple, first_ration
D:3:      lemuel_round_altar, lemuel_round_altar, minmay_misc_feat_alley,
          minmay_misc_feat_plants, uniq_sigmund
D:4:      gammafunk_temple_overflow_pools
D:5:      minmay_crystal_room
D:6:      minmay_chambers_of_fours, serial_bayou, serial_bayou_pond_a,
          serial_bayou_pond_e, serial_bayou_lake_a, serial_bayou_crossing,
          minmay_parallelograms, minivault_19, uniq_grinder
D:7:      minmay_inner_zag, cheibriados_altar_1, lightli_temple_of_fire,
          minmay_temple_entry_arrows
D:8:      nicolae_overflow_crystal_walls, lemuel_round_altar,
          erik_lair_orcish_takeover
D:9:      serial_shops, shop, serial_undead, serial_undead_c, serial_undead_a,
          serial_undead_d, serial_undead_d, serial_undead_e,
          hangedman_fish_farm, kennysheep_generic_room_15
D:10:     zombieorc2_lemuel, hangedman_decor_points, minmay_pinched_square
D:11:     uniq_nergalle
D:12:     serial_shops, shop
D:13:     basic_altar
D:14:     david_vaults_5, nrook_campfire, gammafunk_ghost_spectres,
          serial_glass, glass_columns_b, glass_columns_b
D:15:     hangedman_depths_entry_try_elsewhere_first, fedhas_altar_2,
          serial_shops, shop, minmay_fractal_squares_diagonal_5, uniq_agnes
Temple:   pf_slimified_temple
Lair:2:   gammafunk_ghost_hive, chequers_serial_rivers_micro_c
Lair:3:   kennysheep_catoblepas_arena
Lair:4:   minmay_shoals_entry_lonely_mermaid, spider_nest_entry_web_field,
          infiniplex_staircase_pool_2
Lair:5:   minmay_slime_entry_oklob_open, uniq_josephine
Lair:6:   evil_forest, basic_altar, lemuel_fruit_fields
Shoals:1: portal_ice_cave_entry_pillars_1, st_sunken_huts, uniq_louise
Shoals:2: cheibrodos_shoals_epimethial_gifts, nicolae_shoals_kraken_party,
          uniq_ilsuiw
Shoals:4: shoals_end_hangedman, serial_shops, nicolae_shop_behind_doors
Spider:1: uniq_rupert
Spider:2: uniq_arachne, uniq_kirke
Spider:4: grunt_spider_rune_circles
Slime:3:  cheibrodos_slime_lost_civilization_5
Slime:5:  uniq_dissolution
Orc:2:    st_orc_pillars, gauntlet_entry_generic
Elf:1:    serial_shops, nicolae_shop_overgrown_old_shop, minmay_elf_necromancy,
          feat_on_display, grunt_megastairs_3
Elf:2:    serial_shops, nicolae_shop_overgrown_old_shop, basic_altar
Elf:3:    elf_hall, gammafunk_ghost_fury_of_okawaru
Vaults:1: nicolae_vaults_windows_and_doors_thing, vaults_room_ringed_pool,
          nicolae_vaults_specimen_jars, nicolae_vaults_halls_meeting,
          nicolae_vaults_theta, hangedman_vaults_impose, v_alt_pattern_4,
          v_misc_12, nicolae_vaults_border_crossing,
          ontoclasm_vaults_loading_screen, hangedman_vaults_capsules,
          uniq_asterion
Vaults:2: minmay_crypt_entry_necro_gods, grunt_vaults_funnel, v_pattern_3,
          hangedman_vaults_stream, special_room_vaults, vaults_room_door_hall,
          vaults_room_corners, vaults_standard_mumra_enter_the_diamond,
          ontoclasm_vaults_shuriken, nicolae_vaults_little_squares_4,
          serial_shops, nicolae_shop_crystal, uniq_boris, uniq_nikola
Vaults:3: v_misc_16, grunt_vaults_swirl, v_misc_19,
          nicolae_vaults_little_squares_3, ontoclasm_vaults_pinch, v_misc_30,
          nicolae_vaults_ninety_degrees, nicolae_vaults_display_case,
          nicolae_vaults_angled_halls, vaults_room_grid, basic_altar
Vaults:4: v_alt_pattern_1, vaults_mumra_minichess, hangedman_vaults_river_flow,
          nicolae_vaults_little_squares_1, ontoclasm_vaults_tryst,
          hangedman_vaults_corner_blocks, nicolae_vaults_circle_grid_b,
          nicolae_vaults_little_squares_3, v_misc_12,
          nicolae_vaults_yaktaur_gun_rack, vaults_room_grid, uniq_boris,
          uniq_jory, uniq_margery, uniq_frederick
Vaults:5: serial_shops
Crypt:1:  glass_columns_b, ebering_dispersal_statue_hall,
          grunt_crypt_arrival_split, grunt_megastairs_2, uniq_donald
Crypt:2:  uniq_mara
Crypt:3:  cryptofortress_bobbens
Tomb:2:   uniq_khufu, uniq_mennas
Depths:1: serial_shops, nicolae_shop_stone, grunt_hell_entry_dis_grunt,
          grunt_pan_entry_zigzag, interstate_on_off, hangedman_decor_opposing,
          grunt_tough_drop
Depths:2: minmay_the_grid_triangle_9x9_recursive_3, enter_ziggurat_e,
          serial_shops, nicolae_shop_waterfront, nicolae_shop_stone, shop,
          pf_hell_entry_great_geh
Depths:3: box_level_dp, pan_entry, hell_entry, abyss_entry
Depths:4: kennysheep_room_grid, muffindrake_ghost_dual_entry, abyss_entry,
          hell_entry, kennysheep_small_spiral, pan_entry, serial_bayou_pond_b,
          serial_sigils_hangedman_writhe
Depths:5: evilmike_zot_entry_hall, abyss_entry_flame_altar, hell_entry,
          mu_enter_wizlab_3, hangedman_decor_growths
Dis:3:    lemuel_elevator
Dis:4:    grunt_dis_stairs_iron_hall
Dis:7:    iron_city_of_dis
Geh:2:    lemuel_hellish_altar
Geh:3:    nicolae_geh_single_fiery_grave
Geh:4:    lemuel_flamethrower_3
Geh:6:    lemuel_flamethrower_3
Geh:7:    geh_grunt
Coc:7:    coc_hangedman
Tar:3:    nicolae_tar_cuneiform_to_be, nicolae_tar_cuneiform_heaven
Tar:7:    tar_minmay_river
Abyss:1:  evilmike_abyss_exit_6
Abyss:3:  nicolae_abyss_rune_left_handed
Abyss:4:  evilmike_nicolae_abyss_rune_containment_curve, due_exit_kobolds,
          hangedman_shadowy_showcase
Abyss:5:  minivault_20, hangedman_eye_storm, evilmike_abyss_rune_ettins,
          hangedman_abyss_or_decor_lesser_grid, kilobyte_mutagenic_chamber
Pan:      regret_index_pan_draining_boxed, nicolae_pan_gloorx_vloqian_3,
          rand_demon_7, pan_blood_fountain, rand_demon_2,
          nicolae_pan_mnolegish_1, rand_demon_4, pan_blood_fountain,
          nicolae_pan_gloorx_vloqian_4, evilmike_mini_pan_thingy, rand_demon_1,
          nicolae_pan_hourglass, nicolae_pan_giant_door, pan_captured_pigsty,
          rand_demon_9, evilmike_cerebov_lava, pan_blood_fountain_small,
          gloorx_vloq_grunt, pan_blood_fountain_2, rand_demon_9,
          pan_blood_fountain_small, pan_blood_fountain, rand_demon_5, mnoleg,
          pan_blood_fountain_2, nicolae_pan_mnolegish_2,
          lom_lobon_grunt_wind_tunnels
Zig:9:    ziggurat_pillar_centre_c
Zig:12:   ziggurat_pillar_centre_dispersal
IceCv:    ice_cave_statue_garden_chambered
WizLab:   wizlab_golubria

Skill      XL: |  1  2  3  4  5  6  7  8  9 10 11 12 13 14 15 16 17 18 19 20 21 22 23 24 25 26 27 |
---------------+----------------------------------------------------------------------------------+-----
Armour         | 3 4 5 6 7 8 9 10 11 12 13 14 15 16 21 | 21.4
Axes           | 2 4 6 7 8 10 11 13 14 15 16 17 18 19 20 21 22 23 27 | 27.0
Shields        | 3 4 5 6 7 9 10 11 12 13 14 15 16 17 18 19 20 21 22 27 | 27.0
Dodging        | 1 2 3 4 5 6 7 8 9 10 24 | 24.4
Fighting       | 4 5 6 7 8 9 10 11 12 13 14 15 16 17 18 19 20 21 22 23 27 | 27.0
Stealth        | 1 2 3 4 5 6 7 23 | 23.3
Invocations    | 1 2 3 4 6 7 8 22 | 22.2
Evocations     | 2 |  2.9
Long Blades    | 1 |  1.9
Throwing       | 1 |  1.9
Unarmed Combat | 1 |  1.9
Spellcasting   | 1 |  1.9

Action                   |  1- 3 |  4- 6 |  7- 9 | 10-12 | 13-15 | 16-18 | 19-21 | 22-24 | 25-27 || total
-------------------------+-------+-------+-------+-------+-------+-------+-------+-------+-------++-------
Melee: War axe           |   121 |   187 |    38 |       |       |       |       |       |       ||   346
       Hand axe          |       |       |   421 |  1317 |  1178 |  1189 |       |       |       ||  4105
       Headbutt          |       |       |       |   331 |   365 |   413 |   435 |   468 |  2269 ||  4281
       Broad axe         |       |       |       |       |       |    43 |  1090 |  1455 |  6329 ||  8917
Invok: Heroism           |       |       |       |    21 |    14 |    22 |    11 |     4 |    44 ||   116
       Finesse           |       |       |       |       |     1 |     5 |       |     1 |    35 ||    42
Evoke: Wand              |       |       |       |       |       |       |       |       |     2 ||     2
  Use: Scroll            |     4 |     3 |       |     7 |    27 |     7 |     8 |     4 |    46 ||   106
       Potion            |       |     1 |     2 |     1 |     1 |     2 |     5 |     4 |    52 ||    68
 Stab: Distracted        |       |       |       |       |       |       |     2 |     3 |    72 ||    77
       Sleeping          |       |       |       |       |       |       |       |     7 |    38 ||    45
       Held in net/web   |       |       |       |       |       |       |       |     2 |       ||     2
       Petrified         |       |       |       |       |       |       |       |       |     2 ||     2
       Petrifying        |       |       |       |       |       |       |       |       |     1 ||     1
  Eat: Chunk             |     1 |     9 |    15 |    26 |    35 |    28 |    21 |    34 |    59 ||   228
       Ration            |       |       |       |     2 |     2 |     2 |     2 |     1 |    25 ||    34
Armor: Scale mail        |    61 |    38 |       |       |       |       |       |       |       ||    99
       Chain mail        |       |    56 |    71 |       |       |       |       |       |       ||   127
       Plate armour      |       |       |   146 |   520 |   489 |   431 |   402 |       |       ||  1988
       Pearl dragon scal |       |       |       |       |       |       |    53 |   471 |  1134 ||  1658
       Gold dragon scale |       |       |       |       |       |       |       |       |    28 ||    28
Dodge: Dodged            |    37 |    36 |    76 |   297 |   374 |   273 |   446 |   874 |  3425 ||  5838
Block: Shield            |    67 |    96 |   220 |   632 |   573 |   267 |       |       |       ||  1855
       Buckler           |       |       |       |       |       |   319 |   602 |   943 |  2249 ||  4113
       Reflection        |       |       |       |       |       |    24 |    48 |       |       ||    72
       Large shield      |       |       |       |       |       |       |       |       |  2118 ||  2118

Table legend:
 A = Non-vault XP
 B = Vault XP
 C = Vault XP percentage of total XP
 D = Non-vault monster count
 E = Vault monster count
 F = Vault count percentage of total count
                 A         B        C        D         E       F
            +---------+---------+-------+---------+---------+-------
      Total | 2148711 | 1739929 |  44.7 |    3669 |    1688 |  31.5
            +---------+---------+-------+---------+---------+-------
        D:1 |      53 |      10 |  15.9 |      28 |       8 |  22.2
        D:2 |     115 |       0 |   0.0 |      21 |       0 |   0.0
        D:3 |     118 |     231 |  66.2 |      30 |       1 |   3.2
        D:4 |     154 |       0 |   0.0 |       9 |       0 |   0.0
        D:5 |     645 |       0 |   0.0 |      17 |       0 |   0.0
        D:6 |    1574 |     936 |  37.3 |      41 |       5 |  10.9
        D:7 |     853 |     260 |  23.4 |      20 |       5 |  20.0
        D:8 |     822 |     640 |  43.8 |      21 |       9 |  30.0
        D:9 |    2023 |    1718 |  45.9 |      31 |      18 |  36.7
       D:10 |    3048 |    2893 |  48.7 |      30 |      46 |  60.5
       D:11 |    5898 |     812 |  12.1 |      40 |       1 |   2.4
       D:12 |    4428 |       0 |   0.0 |      23 |       0 |   0.0
       D:13 |    6172 |       0 |   0.0 |      34 |       0 |   0.0
       D:14 |    8252 |    4945 |  37.5 |      40 |       9 |  18.4
       D:15 |   16333 |    6988 |  30.0 |      37 |       9 |  19.6
     Lair:1 |    1548 |       0 |   0.0 |       5 |       0 |   0.0
     Lair:2 |    2897 |    2469 |  46.0 |      14 |      12 |  46.2
     Lair:3 |    6618 |    1267 |  16.1 |      34 |       2 |   5.6
     Lair:4 |    9961 |     474 |   4.5 |      23 |       1 |   4.2
     Lair:5 |    1257 |    3585 |  74.0 |       8 |       8 |  50.0
     Lair:6 |    8254 |   10971 |  57.1 |      31 |      26 |  45.6
   Shoals:1 |   14268 |    7944 |  35.8 |      28 |      10 |  26.3
   Shoals:2 |    9860 |   18382 |  65.1 |      18 |      16 |  47.1
   Shoals:3 |   15928 |       0 |   0.0 |      38 |       0 |   0.0
   Shoals:4 |   17402 |   20485 |  54.1 |      36 |      28 |  43.8
   Spider:1 |   13517 |    2864 |  17.5 |      39 |       1 |   2.5
   Spider:2 |   15048 |    6272 |  29.4 |      41 |       5 |  10.9
   Spider:3 |   10191 |       0 |   0.0 |      27 |       0 |   0.0
   Spider:4 |   13947 |   23403 |  62.7 |      34 |      38 |  52.8
    Slime:1 |    6914 |       0 |   0.0 |       7 |       0 |   0.0
    Slime:2 |    9173 |       0 |   0.0 |      16 |       0 |   0.0
    Slime:3 |    8125 |       0 |   0.0 |      12 |       0 |   0.0
    Slime:4 |     268 |       0 |   0.0 |       1 |       0 |   0.0
    Slime:5 |   11200 |   36014 |  76.3 |      11 |      14 |  56.0
      Orc:1 |    1953 |       0 |   0.0 |      25 |       0 |   0.0
      Orc:2 |    4955 |   11352 |  69.6 |      33 |      72 |  68.6
      Elf:1 |   11921 |    3996 |  25.1 |      20 |      10 |  33.3
      Elf:2 |   10806 |   31889 |  74.7 |      17 |      35 |  67.3
      Elf:3 |   22446 |   49493 |  68.8 |      33 |      33 |  50.0
   Vaults:1 |   26075 |   31244 |  54.5 |      52 |      46 |  46.9
   Vaults:2 |   52468 |   30102 |  36.5 |      94 |      66 |  41.2
   Vaults:3 |   34152 |   12149 |  26.2 |      52 |      16 |  23.5
   Vaults:4 |   43847 |   40986 |  48.3 |      71 |      30 |  29.7
   Vaults:5 |   28125 |  125673 |  81.7 |      51 |      90 |  63.8
    Crypt:1 |   39320 |    6054 |  13.3 |      56 |       7 |  11.1
    Crypt:2 |   18539 |    7944 |  30.0 |      29 |       1 |   3.3
    Crypt:3 |       0 |   63877 | 100.0 |       0 |      84 | 100.0
     Tomb:1 |    8782 |   57258 |  86.7 |      29 |      38 |  56.7
     Tomb:2 |   12523 |   77750 |  86.1 |      24 |      45 |  65.2
     Tomb:3 |    9202 |   80114 |  89.7 |      24 |      55 |  69.6
   Depths:1 |   19206 |   10316 |  34.9 |      27 |      18 |  40.0
   Depths:2 |   35290 |   51693 |  59.4 |      51 |      43 |  45.7
   Depths:3 |   48867 |   71592 |  59.4 |      66 |      61 |  48.0
   Depths:4 |   28224 |   41731 |  59.7 |      33 |      26 |  44.1
   Depths:5 |   53094 |   16407 |  23.6 |      53 |      11 |  17.2
       Hell |   11509 |   32463 |  73.8 |      10 |      52 |  83.9
      Dis:1 |   11205 |       0 |   0.0 |      29 |       0 |   0.0
      Dis:2 |    7092 |       0 |   0.0 |      11 |       0 |   0.0
      Dis:3 |    8018 |       0 |   0.0 |      19 |       0 |   0.0
      Dis:4 |    3210 |       0 |   0.0 |       8 |       0 |   0.0
      Dis:6 |   20612 |       0 |   0.0 |      21 |       0 |   0.0
      Dis:7 |   85810 |  120875 |  58.5 |     104 |      63 |  37.7
      Geh:1 |   12998 |       0 |   0.0 |      25 |       0 |   0.0
      Geh:2 |   12654 |       0 |   0.0 |      27 |       0 |   0.0
      Geh:3 |   37106 |       0 |   0.0 |      60 |       0 |   0.0
      Geh:4 |   18264 |       0 |   0.0 |      28 |       0 |   0.0
      Geh:5 |   33525 |       0 |   0.0 |      44 |       0 |   0.0
      Geh:6 |     214 |       0 |   0.0 |       1 |       0 |   0.0
      Geh:7 |   76981 |   55211 |  41.8 |     130 |      43 |  24.9
      Coc:1 |    1709 |       0 |   0.0 |       8 |       0 |   0.0
      Coc:2 |   10205 |       0 |   0.0 |      25 |       0 |   0.0
      Coc:3 |     889 |       0 |   0.0 |       3 |       0 |   0.0
      Coc:4 |     346 |       0 |   0.0 |       2 |       0 |   0.0
      Coc:5 |   11599 |       0 |   0.0 |      24 |       0 |   0.0
      Coc:6 |    8417 |       0 |   0.0 |       8 |       0 |   0.0
      Coc:7 |   84364 |   89381 |  51.4 |     123 |      78 |  38.8
      Tar:1 |   16588 |       0 |   0.0 |      29 |       0 |   0.0
      Tar:2 |    6871 |       0 |   0.0 |      10 |       0 |   0.0
      Tar:3 |    3999 |       0 |   0.0 |      13 |       0 |   0.0
      Tar:4 |    2122 |       0 |   0.0 |       3 |       0 |   0.0
      Tar:6 |   18670 |       0 |   0.0 |      21 |       0 |   0.0
      Tar:7 |  115151 |  105223 |  47.7 |     123 |      69 |  35.9
    Abyss:1 |   30050 |    2994 |   9.1 |      18 |       2 |  10.0
    Abyss:2 |   27617 |       0 |   0.0 |      40 |       0 |   0.0
    Abyss:3 |   68038 |     904 |   1.3 |     148 |       1 |   0.7
    Abyss:4 |   12143 |       0 |   0.0 |      20 |       0 |   0.0
    Abyss:5 |   13918 |   11083 |  44.3 |      24 |      12 |  33.3
        Pan |  447552 |  323848 |  42.0 |     595 |     246 |  29.3
      Zig:1 |     700 |       0 |   0.0 |       3 |       0 |   0.0
      Zig:2 |    2410 |       0 |   0.0 |       2 |       0 |   0.0
      Zig:3 |    5826 |       0 |   0.0 |       3 |       0 |   0.0
      Zig:4 |    5918 |       0 |   0.0 |       4 |       0 |   0.0
      Zig:5 |    5734 |       0 |   0.0 |       9 |       0 |   0.0
      Zig:6 |    5324 |       0 |   0.0 |      11 |       0 |   0.0
      Zig:7 |    6142 |       0 |   0.0 |      14 |       0 |   0.0
      Zig:8 |   11816 |       0 |   0.0 |      12 |       0 |   0.0
      Zig:9 |   20613 |       0 |   0.0 |      12 |       0 |   0.0
     Zig:10 |    8212 |      33 |   0.4 |      15 |       1 |   6.2
     Zig:11 |   18730 |       0 |   0.0 |      18 |       0 |   0.0
     Zig:12 |   22527 |       0 |   0.0 |      27 |       0 |   0.0
     Zig:13 |   26209 |     677 |   2.5 |      29 |       1 |   3.3
     Zig:14 |   29416 |       0 |   0.0 |      46 |       0 |   0.0
     Zig:15 |   22076 |       0 |   0.0 |      21 |       0 |   0.0
      IceCv |       0 |    7380 | 100.0 |       0 |      22 | 100.0
     WizLab |     953 |   14674 |  93.9 |       4 |      39 |  90.7
            +---------+---------+-------+---------+---------+-------
